 Dungeon Crawl Stone Soup version 0.20-a0-901-g27f6fa8 (webtiles) character file.

1671766 Eptagon the Conqueror (level 27, -33/291 HPs)
             Began as an Octopode Fighter on Mar 18, 2017.
             Was the Champion of Cheibriados.
             Annihilated by an Orb Guardian (50 damage)
             ... on level 5 of the Realm of Zot on Mar 19, 2017.
             The game lasted 06:28:40 (99597 turns).

Eptagon the Conqueror (Octopode Fighter)           Turns: 99597, Time: 06:28:41

Health: -33/291    AC: 48    Str: 46    XL:     27
Magic:  53/54      EV: 49    Int: 38    God:    Cheibriados [******]
Gold:   14011      SH: 52    Dex: 53    Spells: 3/80 levels left

rFire    + + +     SeeInvis +     - Unarmed
rCold    + + .     Gourm    .   c - +8 large shield {AC+3}
rNeg     + + +     Faith    .   u - +0 mask of the Dragon {MR+ Slay+3 SInv}
rPois    ∞         Spirit   .   a - amulet "Exerghiu" {Reflect *Slow rN+++ MR++ Dex+4 SH+6}
rElec    +         Reflect  +   I - ring "Roiclar" {rElec AC+1 Str+9 Slay+3}
rCorr    .         Harm     .   D - ring of Qashiul {rPois rN+ Str+7 Dex+4}
MR       +++++     Clarity  +   O - +5 ring of evasion
Stlth    ++++......             U - ring "Xotep" {rF+ rN+ Int+5 Dex+4 Stlth-}
Regen    0.6/turn               A - ring "Mygofu" {rC+ Int+6 Stlth-}
MPRegen  0.4/turn               M - ring of Itutakh {rElec rF+ AC+3 Slay+2}
                                R - ring "Hurak" {*Drain rPois rC+ Dex+5}
                                W - ring of Robustness {AC+8}

@: statue-form, studying Invocations, deflect missiles, very slow
A: almost no armour, stealthy swim, amphibious, 8 rings, constrict 8, large bone
plates 1, camouflage 2, see invisible, blink, clarity, clumsy 1, fire resistance
2, (gelatinous body 0)
}: 15/15 runes: serpentine, barnacled, slimy, silver, golden, iron, obsidian,
icy, bone, abyssal, demonic, glowing, magical, fiery, dark
a: End Transformation, Blink, Bend Time, Temporal Distortion, Slouch, Step From
Time, Renounce Religion


You were on level 5 of the Realm of Zot.
You worshipped Cheibriados.
Cheibriados was exalted by your worship.
You were full.
You were a stone statue.
You visited 17 branches of the dungeon, and saw 89 of its levels.
You visited Pandemonium 4 times, and saw 54 of its levels.
You visited the Abyss 6 times.
You visited 1 bazaar.
You completed 2 ziggurats, and saw 54 of their levels.
You also visited: Trove, Ossuary and Ice Cave.

You collected 20000 gold pieces.
You spent 5989 gold pieces at shops.

Inventory:

Armour
 c - a +8 large shield of protection (worn)
 u - the +0 mask of the Dragon (worn) {MR+ Slay+3 SInv}
   (You acquired it on level 18 of a ziggurat)

   It affects your accuracy and damage with ranged weapons and melee attacks
   (+3).
   It affects your resistance to hostile enchantments.
   It lets you see invisible.
Jewellery
 a - the amulet "Exerghiu" (around mantle) {Reflect *Slow rN+++ MR++ Dex+4 SH+6}
   (You found it on level 1 of the Lair of Beasts)

   [amulet of reflection]

   It shields you and reflects attacks.
   It affects your dexterity (+4).
   It renders you almost immune to negative energy.
   It affects your resistance to hostile enchantments.
   It may slow you when you take damage.
   It affects your SH (+6).
 i - the ring "Qeduem" {+Fly Str+6 Int+2}
   (You found it on level 3 of the Tomb of the Ancients)

   [ring of flight]

   It affects your strength (+6).
   It affects your intelligence (+2).
   It lets you fly.
 A - the ring "Mygofu" (on tentacle) {rC+ Int+6 Stlth-}
   (You took it off a balrug in Pandemonium)

   [ring of loudness]

   It affects your intelligence (+6).
   It protects you from cold.
   It makes you less stealthy.
 D - the ring of Qashiul (right tentacle) {rPois rN+ Str+7 Dex+4}
   (You found it on level 22 of a ziggurat)

   [ring of positive energy]

   It affects your strength (+7).
   It affects your dexterity (+4).
   It protects you from poison.
   It protects you from negative energy.
 G - the ring of Ili Xorgh {+Inv rN+ MR+ Int+3 SInv}
   (You found it on level 9 of a ziggurat)

   [ring of positive energy]

   It affects your intelligence (+3).
   It protects you from negative energy.
   It affects your resistance to hostile enchantments.
   It lets you see invisible.
   It lets you turn invisible.
 I - the ring "Roiclar" (left tentacle) {rElec AC+1 Str+9 Slay+3}
   (You found it on level 17 of a ziggurat)

   [ring of protection]

   It affects your AC (+1).
   It affects your strength (+9).
   It affects your accuracy and damage with ranged weapons and melee attacks
   (+3).
   It insulates you from electricity.
 M - the ring of Itutakh (on tentacle) {rElec rF+ AC+3 Slay+2}
   (You found it on level 13 of a ziggurat)

   [ring of protection]

   It affects your AC (+3).
   It affects your accuracy and damage with ranged weapons and melee attacks
   (+2).
   It protects you from fire.
   It insulates you from electricity.
 N - the ring "Segesh" {Int+5 Dex+3 SInv}
   (You acquired it on level 27 of a ziggurat)

   [ring of intelligence]

   It affects your intelligence (+5).
   It affects your dexterity (+3).
   It lets you see invisible.
 O - a +5 ring of evasion (on tentacle)
 R - the ring "Hurak" (on tentacle) {*Drain rPois rC+ Dex+5}
   (You bought it in a shop on level 2 of the Snake Pit)

   [ring of poison resistance]

   It affects your dexterity (+5).
   It protects you from cold.
   It protects you from poison.
   It causes draining when unequipped.
 U - the ring "Xotep" (on tentacle) {rF+ rN+ Int+5 Dex+4 Stlth-}
   (You found it on level 11 of a ziggurat)

   [ring of dexterity]

   It affects your intelligence (+5).
   It affects your dexterity (+4).
   It protects you from fire.
   It protects you from negative energy.
   It makes you less stealthy.
 W - the ring of Robustness (on tentacle) {AC+8}
   (You found it on level 9 of a ziggurat)

   [ring of protection]

   It affects your AC (+8).
 Z - the ring of the Cockatrice {rCorr *Drain rElec rF+ Stlth+}
   (You found it on level 24 of a ziggurat)

   [ring of resist corrosion]

   It protects you from fire.
   It insulates you from electricity.
   It causes draining when unequipped.
   It makes you more stealthy.
Scrolls
 d - 61 scrolls of teleportation
 e - 6 scrolls of holy word
 f - 17 scrolls of magic mapping
 h - 5 scrolls of silence
 l - 8 scrolls of fear
 n - 19 scrolls of blinking
 o - 23 scrolls of recharging
 z - 28 scrolls of fog
 H - 8 scrolls of identify
 L - 49 scrolls of remove curse
 T - 2 scrolls of summoning
Potions
 j - 19 potions of heal wounds
 m - 9 potions of cancellation
 p - 10 potions of magic
 q - 27 potions of mutation
 w - 11 potions of brilliance
 x - 26 potions of curing
 B - 7 potions of agility
 C - 9 potions of resistance
 F - 7 potions of ambrosia
 K - 5 potions of might
Books
 r - a manual of Invocations
Miscellaneous
 t - 32 phantom mirrors
 E - a fan of gales
 P - a crystal ball of energy
 V - a phial of floods
 X - a lamp of fire
 Y - 2 +2 figurines of a ziggurat
Comestibles
 b - 2 chunks of flesh
 g - 45 meat rations
 k - 72 fruits


   Skills:
 O Level 27 Fighting
 + Level 23.8 Dodging
 + Level 25.8 Shields
 O Level 27 Unarmed Combat
 O Level 27 Spellcasting
 O Level 27 Conjurations
 - Level 8.0 Charms
 - Level 17.0 Translocations
 - Level 12.0 Transmutations
 O Level 27 Fire Magic
 - Level 26.0 Ice Magic
 O Level 27 Air Magic
 - Level 25.0 Earth Magic
 - Level 15.0 Invocations
 + Level 10.7 Evocations


You had 3 spell levels left.
You knew the following spells:

 Your Spells              Type           Power        Failure   Level  Hunger
b - Summon Butterflies    Summ           ######..     1%          1    None
d - Lee's Rapid Deconstr  Erth           ########..   0%          5    None
l - Lesser Beckoning      Tloc           ########..   0%          3    None
m - Deflect Missiles      Chrm/Air       ########..   1%          6    None
r - Regeneration          Chrm/Necr      ######....   1%          3    None
s - Statue Form           Tmut/Erth      ########.    1%          6    None
A - Apportation           Tloc           ######       0%          1    None
B - Controlled Blink      Tloc           N/A          2%          8    None
F - Fire Storm            Conj/Fire      ########..   1%          9    None
G - Glaciate              Conj/Ice       ########..   1%          9    None
L - Lehudib's Crystal Sp  Conj/Erth      ########..   1%          8    None
T - Tornado               Air            ########..   1%          9    None
Z - Shatter               Erth           ########..   2%          9    None


Dungeon Overview and Level Annotations

Branches:
Dungeon (15/15)            Temple (0/1) D:5            Lair (6/6) D:10
 Shoals (4/4) Lair:2        Snake (4/4) Lair:2        Slime (5/5) Lair:6
    Orc (2/2) D:10            Elf (3/3) Orc:2        Vaults (5/5) D:13
  Crypt (3/3) Vaults:3       Tomb (3/3) Crypt:3      Depths (5/5) D:15
   Hell (1/1)                 Dis (7/7) Hell            Geh (7/7) Hell
    Coc (7/7) Hell            Tar (7/7) Hell            Zot (5/5) Depths:5

Altars:
Cheibriados
Dithmenos
Elyvilon
Fedhas
Hepliaklqana
Kikubaaqudgha
Qazlal
Uskayaw
Vehumet
Yredelemnul
Zin
The Shining One
Jiyva

Shops:
D:5 :   Orc:2 (([!   Elf:1 [*   Elf:2 %   Snake:2 }=}   Vaults:1 :   Vaults:4 =

Portals:
Hell: Depths:1 Depths:2 Depths:3 Depths:4 Depths:5
Abyss: Depths:1 Depths:4 Depths:5
Pandemonium: Depths:3

Annotations:
Depths:5 4 runed doors
Geh:7 exclusion: door


Innate Abilities, Weirdness & Mutations

You cannot wear most types of armour.
You are very stealthy in the water. (Stealth+)
You are amphibious.
You can wear up to eight rings at the same time.
You can use your tentacles to constrict eight enemies at once.
Your skin blends seamlessly with your surroundings (Stealth++).
((Your rubbery body absorbs attacks. (AC +1, EV +1)))
(You are partially covered in large bone plates. (SH +4))
You have supernaturally acute eyesight. (SInv)
You can translocate small distances at will.
You possess an exceptional clarity of mind.
You are clumsy. (Dex -2)
Your flesh is very heat resistant. (rF++)


Message History

The Orb Guardian completely misses you. x2
The Orb Guardian hits you but does no damage.
The Orb Guardian completely misses you. The Orb Guardian closely misses you.
The Orb Guardian barely misses you. The Orb Guardian hits you!!
The Orb Guardian hits you. You block the Orb Guardian's attack. x2
The Orb Guardian completely misses you. The Orb Guardian hits you!!!
* * * LOW HITPOINT WARNING * * *
The Orb Guardian hits you!
* * * LOW HITPOINT WARNING * * *
You block the Orb Guardian's attack. You block the Orb Guardian's attack.
The Orb Guardian hits you but does no damage.
You block the Orb Guardian's attack. x2; The Orb Guardian misses you.
The death cob completely misses you. The Orb Guardian closely misses you.
You block the Orb Guardian's attack. x2; The death cob misses you.
You block the Orb Guardian's attack. The Orb Guardian completely misses you.
The Orb Guardian hits you!!
* * * LOW HITPOINT WARNING * * *
You block the Orb Guardian's attack. The Orb Guardian hits you!!!
You die...

*********########.########▓******
,,,,** #...............* **,,
,,,,,** *#.............#* **,,,
,,,,,,** #.............# **,,,,
,,,,,,,* ##...........## *,,,,,
,,,,,,,* #...........# *,,,,,
,,,,,,,* ##....X......#* *,,,,,
,,,,,,,* #....XXX$.....# *,,,,,
,,,,,,,* *#...yX8z......#* *,,,,,
,,,,,,,**#.......X.......***,,,,,
,,,,,,***..$###########..,***,,,,
,,,,,**,,..#* **,,,,**,,,
,,,,,,,,,##* ***,,,,,,,
********** ******** ,,,,,****
****,,, ,,,,,,,,*** ***,,,,,,
,,,,,,,,,,** **,,,,,,,,


You could see a death cob, 6 Orb Guardians and a moth of wrath.

Vanquished Creatures
  Cerebov (Pan)
  Antaeus (Coc:7)
  Asmodeus (Geh:7)
  Ereshkigal (Tar:7)
  the Royal Jelly (Slime:5)
  Gloorx Vloq (Pan)
  Lom Lobon (Pan)
  the Serpent of Hell (Coc:7)
  Mnoleg (Pan)
  46 pandemonium lords
  Dispater (Dis:7)
  Mennas (Pan)
  8 juggernauts
  53 greater mummies
  11 ancient liches
  Boris (Depths:4)
  The ghost of framaz the Metallomancer, a veteran GrEE of Vehumet (Vaults:5)
  15 shard shrikes
  Bai Suzhen (Elf:3)
  9 Killer Klowns
  Saint Roka (Depths:2)
  Margery (Vaults:5)
  A profane servitor (Zig:20)
  Nikola (Shoals:4)
  Geryon (Hell)
  14 golden dragons
  23 bone dragons
  12 doom hounds
  40 Brimstone Fiends
  Jorgrun (Crypt:1)
  8 iron giants
  A shard shrike zombie (Crypt:1)
  36 Tzitzimimeh
  A hellephant (Hell)
  Rupert (Snake:1)
  4 electric golems
  32 Ice Fiends
  33 tentacled monstrosities
  21 Hell Sentinels
  26 liches
  10 titans
  13 quicksilver dragons
  A quicksilver dragon (shapeshifter) (Zig:25)
  10 deep elf blademasters
  Asterion (Vaults:1)
  47 Executioners
  7 eldritch tentacles
  15 deep elf master archers
  A death cob (Zot:3)
  4 thorn hunters
  16 tentacled starspawn
  34 acid blobs
  Polyphemus (Shoals:2)
  26 ancient champions
  16 sphinxes
  Gastronok (Lair:3)
  5 storm dragons
  24 shadow dragons
  9 revenants
  Donald (Snake:1)
  23 azure jellies
  3 draconian monks
  13 tengu reavers
  Roxanne (Shoals:1)
  23 blood saints
  74 nagarajas
  A fire giant (shapeshifter) (Zig:25)
  20 frost giants
  An azure jelly (shapeshifter) (Zig:25)
  46 cacodemons
  10 fire giants
  4 draconian scorchers
  7 deep elf sorcerers
  Ilsuiw (Shoals:4)
  21 orc warlords
  20 ghost moths
  Louise (Snake:2)
  11 iron dragons
  2 ghost moths (shapeshifter)
  3 draconian knights
  A frost giant (shapeshifter) (Zig:25)
  9 caustic shrike zombies
  The ghost of Mulkerokala the Carver, a journeyman DgWr (Orc:1)
  11 vault wardens
  24 warmongers
  7 ghouls
  14 emperor scorpions
  33 war gargoyles
  65 balrugs
  28 black suns
  7 deep elf elementalists
  5 juggernaut zombies
  5 draconian annihilators
  7 curse skulls
  4 draconian stormcallers
  46 very ugly things
  An angel (Depths:1)
  7 juggernaut skeletons
  4 elemental wellsprings
  107 reapers
  13 ironheart preservers
  44 stone giants
  A stone giant (shapeshifter) (Zig:25)
  30 corrupters
  A spriggan defender (Depths:5)
  The ghost of emsyzz the Eclecticist, an adept SpEn of Gozag (Shoals:2)
  21 deep elf demonologists
  32 lorocyprocas
  4 caustic shrike skeletons
  2 entropy weavers (shapeshifter)
  7 green draconians
  8 bennus
  Nessos (Lair:4)
  16 entropy weavers
  3 black draconians
  A dire elephant (Zig:7)
  5 purple draconians
  5 yellow draconians (Depths:5)
  17 vampire knights
  4 white draconians
  Azrael (D:12)
  33 deep elf annihilators
  13 spark wasps
  6 red draconians
  19 ettins
  9 eidola
  3 crystal guardians (Crypt:3)
  45 blizzard demons
  18 merfolk javelineers
  11 deep elf death magi
  8 quicksilver dragon zombies
  41 green deaths
  21 merfolk impalers
  Josephine (D:11)
  A fire dragon (shapeshifter) (Zig:25)
  15 fire dragons
  28 mummy priests
  7 jiangshi
  3 kraken zombies
  28 yaktaur captains
  18 deep elf high priests
  9 death oozes
  An ice dragon (shapeshifter) (Zig:3)
  27 great orbs of eyes
  32 hydras
  Harold (Lair:1)
  14 rakshasas
  4 ghost crabs
  20 monstrous demonspawn (Pan)
  5 catoblepae
  11 hell beasts
  29 vault guards
  11 quicksilver dragon skeletons
  29 naga warriors
  6 spriggan air magi
  The ghost of Eptagon the Martial Artist, a journeyman OpFi of Cheibriados (Lair:1)
  18 centaur warriors
  24 ice dragons
  28 anacondas
  9 merfolk avatars
  6 alligator snapping turtles
  57 two-headed ogres
  23 merfolk aquamancers
  50 dancing weapons
  11 satyrs
  3 death knights
  9 alligators
  13 ogre magi
  76 death scarabs
  11 deep troll shamans
  5 tengu warriors
  14 deep troll earth magi
  18 death yaks
  32 hell hogs
  10 titan zombies
  7 spriggan berserkers
  27 thrashing horrors
  17 vampire magi
  34 deep elf knights
  44 hell knights
  33 shock serpents
  135 large abominations
  46 naga sharpshooters
  23 orc high priests
  73 soul eaters
  114 sun demons
  18 iron golems
  156 skeletal warriors
  54 sixfirhies
  22 iron trolls
  12 storm dragon zombies
  14 salamander mystics
  20 wretched stars
  2 fire crabs (shapeshifter)
  2 iron trolls (shapeshifter) (Zig:25)
  Nergalle (D:11)
  A quicksilver dragon simulacrum (Zig:18)
  25 shadow wraiths
  A fire crab (Abyss:2)
  29 sea snakes
  14 titan skeletons
  4 ghost moth zombies
  18 swamp dragons
  8 unseen horrors
  12 anaconda zombies
  36 deep trolls
  21 flayed ghosts
  The ghost of Zigma the Grappler, a novice DrTm of Dithmenos (D:8)
  4 spriggan druids
  23 naga ritualists
  19 wizards
  9 death drakes
  11 storm dragon skeletons
  11 golden dragon zombies
  8 spatial maelstroms
  14 glowing orange brains
  55 shadow demons
  18 torturous demonspawn
  24 infernal demonspawn
  An obsidian statue (Zig:6)
  19 deep elf archers
  20 gelid demonspawn (Pan)
  5 tengu zombies
  16 ironbrand convokers
  A lindwurm (Zig:7)
  11 anaconda skeletons
  An orange crystal statue (Depths:4)
  8 sphinx zombies
  7 shambling mangroves
  24 orc knights
  31 harpies
  7 iron dragon zombies
  9 shadow dragon zombies
  26 mana vipers
  98 deep elf magi
  31 necromancers
  11 shadow dragon skeletons
  7 wolf spider zombies
  2 shining eyes (shapeshifter)
  A mana viper (shapeshifter) (Vaults:5)
  74 ugly things
  A wolf spider (shapeshifter) (Vaults:5)
  13 golden dragon skeletons
  8 fire giant zombies
  22 phantasmal warriors
  26 orb spiders
  21 wolf spiders
  5 oklob plants (Zig:16)
  11 stone giant zombies
  10 frost giant zombies
  12 shining eyes
  16 orc sorcerers
  11 tengu skeletons
  A cyclops (shapeshifter) (Zig:25)
  18 cyclopes
  25 salamanders
  24 fauns
  4 worldbinders
  30 manticores
  5 sphinx skeletons
  2 human skeletons
  128 starcursed masses
  2 manticores (shapeshifter)
  16 moths of wrath
  5 spriggan zombies
  18 iron dragon skeletons
  13 apocalypse crabs
  38 naga magi
  10 fire giant skeletons
  15 frost giant skeletons
  A black mamba (shapeshifter) (Zig:5)
  A guardian serpent (shapeshifter) (Vaults:1)
  19 merfolk sirens
  10 dire elephant zombies
  79 smoke demons
  Joseph (D:9)
  81 black mambas
  A shock serpent zombie (Geh:7)
  5 stone giant skeletons
  A storm dragon simulacrum (Depths:3)
  8 eyes of devastation
  5 centaur zombies
  27 water nymphs
  37 rust devils
  19 vault sentinels
  An alligator snapping turtle zombie (Crypt:1)
  2 gargoyles (D:15)
  31 guardian serpents
  23 spiny frogs
  7 torpor snails
  6 ice statues
  13 molten gargoyles (Geh:7)
  2 torpor snails (shapeshifter) (Zig:25)
  A black draconian zombie (Geh:7)
  2 titan simulacra
  A catoblepas zombie (Tar:7)
  4 emperor scorpion zombies
  2 yaktaur zombies
  3 shock serpent skeletons
  50 orange demons
  7 dire elephant skeletons
  47 hellions
  6 rime drakes
  A rime drake (shapeshifter) (Vaults:1)
  13 komodo dragons
  42 demonic crawlers
  66 ice devils
  23 efreet
  A golden dragon simulacrum (Depths:3)
  4 anaconda simulacra
  52 yaktaurs
  73 guardian mummies
  2 yaktaurs (shapeshifter)
  71 tormentors
  2 yaktaur skeletons
  A ghost moth simulacrum (Coc:7)
  53 freezing wraiths
  3 harpy zombies
  4 jumping spiders (shapeshifter)
  15 ancient zymes
  72 red devils
  9 silent spectres
  18 trolls
  7 spriggan skeletons
  14 hydra zombies
  A catoblepas skeleton (Geh:6)
  A troll (shapeshifter) (Depths:2)
  10 tengu conjurers
  39 hellwings
  14 jumping spiders
  5 meliai (shapeshifter)
  13 wind drakes
  A wind drake (shapeshifter) (Depths:3)
  91 merfolk
  14 polar bears
  A shadow dragon simulacrum (Abyss:3)
  9 bog bodies
  3 wolf spider simulacra
  3 tyrant leeches
  A harpy skeleton (Pan)
  9 hydra skeletons
  2 alligator zombies (Coc:7)
  25 blink frogs
  122 slime creatures
  3 ice dragon zombies
  4 dream sheep (Shoals:1)
  An iron dragon simulacrum (Abyss:2)
  24 raiju
  26 hornets
  15 snapping turtles
  13 hippogriffs
  A hippogriff (shapeshifter) (Depths:2)
  A stone giant simulacrum (Vaults:1)
  5 ettin zombies
  7 fire dragon zombies
  5 ice dragon skeletons
  5 spriggans
  3 black mamba zombies
  199 flying skulls
  34 shadows
  A centaur simulacrum (D:14)
  A deep troll skeleton (Zig:3)
  2 hogs (D:7)
  13 redbacks
  50 water elementals
  14 air elementals
  12 ushabtiu
  13 tarantellas
  6 wyverns
  12 ettin skeletons
  5 alligator skeletons
  5 fire dragon skeletons
  A golden eye (shapeshifter) (Vaults:5)
  A redback (shapeshifter) (Zig:25)
  54 wraiths
  61 yaks
  73 ynoxinuls
  A vampire (D:12)
  A basilisk (Lair:6)
  5 fire bats
  A yak (shapeshifter) (Zig:16)
  29 fire elementals
  4 hungry ghosts
  3 black mamba skeletons
  6 golden eyes
  57 neqoxecs
  20 elf skeletons
  21 humans
  A human simulacrum (Vaults:1)
  2 basilisks (shapeshifter)
  73 chaos spawn
  27 vampire mosquitoes
  14 wargs
  16 insubstantial wisps
  8 spatial vortices
  Menkaure (D:7)
  2 harpy simulacra (Depths:1)
  4 acid dragons
  2 merfolk zombies
  2 hydra simulacra (Hell)
  65 nagas
  10 spiny frog zombies
  Duvessa (D:7)
  3 water moccasins (shapeshifter)
  39 hell hounds
  A soldier ant (D:15)
  24 water moccasins
  27 small abominations
  The ghost of WhatIsLove the Conjurer, an amateur TeFE (D:3)
  3 floating eyes
  A monstrous demonspawn zombie (Crypt:3)
  2 merfolk skeletons
  14 porcupines
  A torturous demonspawn skeleton (Geh:7)
  A floating eye (shapeshifter) (Zig:16)
  5 snapping turtle zombies
  2 spiny frog skeletons
  14 ice beasts
  91 orc warriors
  7 swamp drakes
  A meliai simulacrum (D:14)
  An ice beast (shapeshifter) (Vaults:1)
  6 sky beasts
  3 black bears (shapeshifter)
  2 hornet zombies
  2 manticore zombies
  2 ogres (shapeshifter)
  3 ettin simulacra
  2 fire dragon simulacra (Depths:1)
  29 necrophages
  44 ogres
  7 phantoms
  2 swamp dragon zombies
  A black mamba simulacrum (Depths:1)
  A blink frog zombie (Crypt:1)
  3 boggarts (Depths:1)
  23 eyes of draining
  34 wolves
  22 centaurs
  An elephant zombie (Crypt:1)
  A swamp dragon skeleton (Crypt:2)
  2 manticore skeletons
  35 crocodiles
  4 snapping turtle skeletons
  7 big kobolds
  25 elf zombies
  Blork the orc (D:6)
  A fire crab zombie (Crypt:2)
  A gnoll sergeant (Zig:22)
  22 bullfrogs
  A deep troll simulacrum (Vaults:1)
  A wyvern zombie (D:10)
  2 spiny frog simulacra
  10 earth elementals
  2 wyvern skeletons
  A troll zombie (Geh:7)
  8 scorpions
  Dowan (D:7)
  An elephant simulacrum (Depths:1)
  7 killer bees
  60 wights
  9 crimson imps
  3 bullfrog zombies
  3 howler monkeys
  4 elf simulacra
  6 hounds
  7 quasits
  2 jellies
  5 human zombies
  37 orc priests
  4 bullfrog skeletons
  7 centaur skeletons
  24 iron imps
  11 iguanas
  59 orc wizards
  12 worker ants
  A troll simulacrum (Depths:1)
  A lightning spire (Zig:8)
  A killer bee zombie (D:6)
  A deep dwarf zombie (Crypt:2)
  A naga zombie (Dis:6)
  A big kobold zombie (Ossuary)
  A naga skeleton (Geh:2)
  An ogre skeleton (Coc:1)
  2 hound skeletons
  3 worker ant zombies
  119 mummies
  A gnoll (Zig:10)
  A howler monkey skeleton (D:7)
  18 adders
  2 naga simulacra (Depths:1)
  14 shadow imps
  A steam dragon skeleton (Crypt:1)
  A swamp drake skeleton (Crypt:2)
  38 white imps
  An ufetubus (Abyss:3)
  3 adder zombies
  2 worms
  3 dart slugs
  15 leopard geckos
  136 orcs
  8 bats
  A bat skeleton (Crypt:2)
  10 giant cockroaches
  14 goblins
  8 hobgoblins
  8 jackals
  37 kobolds
  12 quokkas
  A quokka (shapeshifter) (Vaults:5)
  5 ball pythons
  14 frilled lizards
  A goblin zombie (Ossuary)
  9 hobgoblin zombies (Ossuary)
  A jackal zombie (Ossuary)
  10 kobold zombies
  10 orc zombies (Ossuary)
  A quokka zombie (D:5)
  7 rats
  A rat zombie (Ossuary)
  24 briar patches (Zig:21)
  15 crawling corpses
  A fire vortex (Zig:26)
  7 plants
  19 starspawn tentacles
  4 tentacles
8495 creatures vanquished.

Vanquished Creatures (others)
  Vashnia (Snake:4)
  A Brimstone Fiend (Zig:17)
  A Tzitzimitl (Zig:17)
  A tentacled monstrosity (Zig:21)
  A lich (Tomb:2)
  4 deep elf master archers
  A storm dragon (Depths:5)
  A nagaraja (Zig:23)
  A corrupter (Pan)
  An ironheart preserver (Vaults:2)
  A very ugly thing (Zig:25)
  4 stone giants
  3 merfolk javelineers
  A green death (Zig:21)
  3 yaktaur captains
  5 satyrs
  3 centaur warriors
  21 death scarabs (Tomb:2)
  A thrashing horror (Zig:22)
  8 naga sharpshooters
  A deep elf knight (Zig:26)
  An iron troll (shapeshifter) (Zig:25)
  A shadow wraith (Zig:16)
  A skeletal warrior (Tomb:2)
  A sixfirhy (Pan)
  A sea snake (Zig:27)
  A large abomination (Pan)
  2 deep elf archers
  A harpy (Zig:27)
  A deep elf mage (Zig:26)
  An ironbrand convoker (Vaults:5)
  A wizard (Depths:1)
  A wolf spider (Zig:25)
  A cyclops (Zig:15)
  3 manticores (Zig:27)
  A faun (Shoals:2)
  2 naga magi
  A water nymph (Zig:27)
  A smoke demon (Pan)
  2 black mambas (Zig:23)
  A spiny frog (Zig:21)
  10 yaktaurs
  2 red devils (Pan)
  2 ancient zymes (Zig:22)
  A hellwing (Zig:20)
  A harpy zombie (Geh:7)
  5 merfolk
  2 polar bears (IceCv)
  2 raiju (Abyss:3)
  A bog body (Zig:20)
  An ettin zombie (Tomb:2)
  An air elemental (Zig:26)
  14 flying skulls
  A fire dragon skeleton (Tomb:2)
  A tarantella (Zig:25)
  An ice dragon skeleton (Tomb:2)
  3 water elementals
  A neqoxec (Pan)
  A vampire mosquito (Zig:21)
  An insubstantial wisp (Zig:21)
  A naga (Zig:23)
  4 orc warriors
  2 small abominations
  6 centaurs
  3 wights (Geh:3)
  2 orc wizards
  6 mummies (Tomb:2)
  2 white imps (Coc:7)
  5 ball lightnings (Pan)
  An orc (Orc:2)
  7 briar patches
  A bush (Lair:2)
  2 fire vortices (Zig:26)
  9 fungi
  A lurking horror (Abyss:3)
  17 plants
  36 starspawn tentacles
  12 tentacles
257 creatures vanquished.

Grand Total: 8752 creatures vanquished

Notes
Turn   | Place    | Note
-------+----------+-------------------------------------------
     0 | D:1      | Eptagon the Octopode Fighter began the quest for the Orb.
     0 | D:1      | Reached XP level 1. HP: 16/16 MP: 1/1
   135 | D:1      | Reached XP level 2. HP: 19/21 MP: 2/2
   215 | D:1      | Reached XP level 3. HP: 19/26 MP: 3/3
   701 | D:2      | Reached XP level 4. HP: 32/32 MP: 4/4
  1016 | D:2      | Found a snail-covered altar of Cheibriados.
  1026 | D:2      | Became a worshipper of Cheibriados the Contemplative
  1192 | D:2      | Found a hide-covered altar of Uskayaw.
  1192 | D:2      | Found a hazy altar of Hepliaklqana.
  1197 | D:2      | Found a stormy altar of Qazlal.
  1199 | D:2      | Found a blossoming altar of Fedhas.
  1201 | D:2      | Found a shadowy altar of Dithmenos.
  1331 | D:3      | Noticed WhatIsLove's ghost (amateur TeFE)
  1340 | D:3      | Killed WhatIsLove's ghost
  1340 | D:3      | Reached XP level 5. HP: 17/37 MP: 5/5
  1517 | D:3      | Reached skill level 5 in Unarmed Combat
  1517 | D:3      | Reached XP level 6. HP: 35/44 MP: 6/6
  2202 | D:4      | Reached * piety under Cheibriados
  2467 | D:4      | Learned a level 1 spell: Apportation
  2629 | D:4      | Reached skill level 5 in Fighting
  2917 | D:5      | Entered Level 5 of the Dungeon
  2943 | D:5      | Reached XP level 7. HP: 40/50 MP: 7/7
  3303 | D:5      | Reached ** piety under Cheibriados
  3551 | D:5      | Found Jeteoj's Book Emporium.
  3735 | D:5      | Found a staircase to the Ecumenical Temple.
  4499 | D:6      | Reached XP level 8. HP: 30/57 MP: 8/8
  4816 | D:6      | Reached *** piety under Cheibriados
  4927 | D:6      | Noticed Blork the orc
  4932 | D:6      | Killed Blork the orc
  5156 | D:6      | Found a glowing golden altar of the Shining One.
  5165 | D:6      | Found a basalt altar of Yredelemnul.
  5543 | D:6      | Noticed an angel
  5934 | D:7      | Reached XP level 9. HP: 63/63 MP: 9/9
  6287 | D:7      | Noticed Dowan
  6293 | D:7      | Noticed Duvessa
  6293 | D:7      | Killed Dowan
  6297 | D:7      | Killed Duvessa
  6381 | D:7      | Noticed Menkaure
  6385 | D:7      | Killed Menkaure
  6385 | D:7      | Reached **** piety under Cheibriados
  6774 | D:7      | Reached skill level 1 in Invocations
  6794 | D:7      | Reached skill level 5 in Dodging
  6794 | D:7      | Reached skill level 5 in Shields
  6794 | D:7      | Reached skill level 10 in Unarmed Combat
  7117 | D:8      | Reached XP level 10. HP: 71/71 MP: 11/11
  7147 | D:8      | Found Zin's Purification Station.
  7150 | D:8      | Noticed Zigma's ghost (novice DrTm)
  7150 | D:8      | Found a glowing silver altar of Zin.
  7167 | D:8      | Killed Zigma's ghost
  7188 | D:8      | Found a sand-covered staircase.
  7233 | Ossuary  | Entered an ossuary
  7345 | Ossuary  | Reached ***** piety under Cheibriados
  7487 | D:8      | You fall through a shaft!
  8266 | D:9      | Noticed Joseph
  8273 | D:9      | Killed Joseph
  8817 | D:10     | Entered Level 10 of the Dungeon
  8818 | D:10     | Noticed a two-headed ogre
  8827 | D:10     | Killed a two-headed ogre
  8827 | D:10     | Reached XP level 11. HP: 44/78 MP: 14/14
  9098 | D:10     | Reached skill level 5 in Invocations
  9220 | D:10     | Noticed a two-headed ogre
  9228 | D:10     | Killed a two-headed ogre
  9262 | D:10     | Found a staircase to the Orcish Mines.
  9499 | D:10     | Reached ****** piety under Cheibriados
  9702 | D:5      | Bought a book of Changes for 350 gold pieces
  9841 | D:10     | Learned a level 4 spell: Ice Form
  9944 | D:10     | Found a staircase to the Lair.
  9962 | D:10     | Reached skill level 1 in Transmutations
 10462 | Lair:1   | Entered Level 1 of the Lair of Beasts
 10478 | Lair:1   | Noticed Eptagon's ghost (journeyman OpFi)
 10500 | Lair:1   | Killed Eptagon's ghost
 10500 | Lair:1   | Reached skill level 1 in Spellcasting
 10517 | Lair:1   | Noticed Harold
 10530 | Lair:1   | Killed Harold
 10820 | Lair:1   | Got an ancient pewter amulet
 10833 | Lair:1   | Identified the amulet "Exerghiu" {Reflect *Slow rN+++ MR++ Dex+4 SH+6} (You found it on level 1 of the Lair of Beasts)
 10997 | Lair:1   | Reached XP level 12. HP: 85/85 MP: 15/15
 11773 | Lair:2   | Found a staircase to the Snake Pit.
 11866 | Lair:2   | Noticed an eight-headed hydra
 11875 | Lair:2   | Killed an eight-headed hydra
 12199 | Lair:2   | Noticed a seven-headed hydra
 12212 | Lair:2   | Killed a seven-headed hydra
 12372 | Lair:2   | Found a staircase to the Shoals.
 12382 | Lair:2   | Reached skill level 5 in Transmutations
 12962 | Lair:3   | Reached skill level 10 in Fighting
 12988 | Lair:3   | Reached XP level 13. HP: 71/92 MP: 19/19
 13069 | Lair:3   | Found a radiant altar of Vehumet.
 13191 | Lair:3   | Learned a level 2 spell: Blink
 13646 | Lair:3   | Noticed Gastronok
 13688 | Lair:3   | Killed Gastronok
 14968 | Lair:4   | Noticed Nessos
 14994 | Lair:4   | Gained mutation: You are clumsy. (Dex -2) [potion of mutation]
 14994 | Lair:4   | Gained mutation: You are robust. (+10% HP) [potion of mutation]
 14994 | Lair:4   | Gained mutation: You are partially covered in rugged brown scales. (AC +1, +3% HP) [potion of mutation]
 15311 | Lair:4   | Killed Nessos
 15311 | Lair:4   | Reached skill level 5 in Spellcasting
 17094 | Lair:6   | Entered Level 6 of the Lair of Beasts
 17094 | Lair:6   | Found a staircase to the Slime Pits.
 17094 | Lair:6   | Found a viscous altar of Jiyva.
 17382 | Lair:6   | Reached XP level 14. HP: 104/114 MP: 19/22
 18015 | Lair:6   | Reached skill level 10 in Shields
 18234 | Lair:6   | Reached skill level 15 in Unarmed Combat
 19699 | Orc:1    | Entered Level 1 of the Orcish Mines
 19713 | Orc:1    | Noticed Mulkerokala's ghost (journeyman DgWr)
 19777 | Orc:1    | Killed Mulkerokala's ghost
 20240 | Orc:2    | Entered Level 2 of the Orcish Mines
 20651 | Orc:2    | Found Woeppaas's Antique Armour Boutique.
 20651 | Orc:2    | Found Etwe Owi's Weapon Shop.
 20651 | Orc:2    | Found Raemypn's Antique Weapon Shop.
 20656 | Orc:2    | Found Vecureqehu's Distillery.
 20669 | Orc:2    | Bought 2 potions of resistance for 260 gold pieces
 20743 | Orc:2    | Found a staircase to the Elven Halls.
 20750 | Orc:2    | Reached XP level 15. HP: 122/122 MP: 25/25
 21552 | D:11     | Noticed Nergalle
 21558 | D:11     | Killed Nergalle
 21777 | D:11     | Noticed Josephine
 21785 | D:11     | Killed Josephine
 22110 | D:12     | Noticed Azrael
 22121 | D:12     | Killed Azrael
 23155 | D:13     | Found a frozen archway.
 23184 | IceCv    | Entered an ice cave
 23314 | IceCv    | HP: 6/122 [something (30)]
 24495 | IceCv    | Noticed a frost giant
 24703 | IceCv    | Killed a frost giant
 25795 | D:13     | Reached XP level 16. HP: 130/131 MP: 26/26
 25833 | D:13     | Found a gate to the Vaults.
 25905 | D:13     | Found a white marble altar of Elyvilon.
 26433 | D:5      | Bought a book of the Warp for 1260 gold pieces
 26442 | D:5      | Learned a level 8 spell: Controlled Blink
 26727 | Shoals:1 | Entered Level 1 of the Shoals
 26802 | Shoals:1 | Reached skill level 1 in Translocations
 28349 | Shoals:1 | Noticed Roxanne
 28369 | Shoals:1 | Killed Roxanne
 28379 | Shoals:1 | Learned a level 6 spell: Statue Form
 28573 | Shoals:2 | Noticed emsyzz's ghost (adept SpEn)
 28585 | Shoals:2 | Killed emsyzz's ghost
 28595 | Shoals:2 | Reached skill level 1 in Earth Magic
 29221 | Shoals:2 | Noticed Polyphemus
 29230 | Shoals:2 | Killed Polyphemus
 29416 | Shoals:2 | Reached XP level 17. HP: 24/138 MP: 12/28
 30129 | Shoals:2 | Reached skill level 5 in Translocations
 31904 | Shoals:4 | Entered Level 4 of the Shoals
 31904 | Shoals:4 | Noticed Ilsuiw
 31939 | Shoals:4 | Killed Ilsuiw
 32145 | Shoals:4 | Noticed Nikola
 32168 | Shoals:4 | Killed Nikola
 32196 | Shoals:4 | Reached skill level 5 in Earth Magic
 32324 | Shoals:4 | Got a barnacled rune of Zot
 32680 | Shoals:4 | Reached XP level 18. HP: 146/146 MP: 30/30
 32790 | Shoals:4 | Identified Elapie's Lost Tome of the Archmage
 34117 | Shoals:1 | Learned a level 9 spell: Shatter
 34200 | Snake:1  | Entered Level 1 of the Snake Pit
 34308 | Snake:1  | Noticed Rupert
 34315 | Snake:1  | Killed Rupert
 34315 | Snake:1  | Reached skill level 10 in Transmutations
 34384 | Snake:1  | Noticed Donald
 34394 | Snake:1  | Killed Donald
 35624 | Snake:2  | Found Houst's Jewellery Shoppe.
 35626 | Snake:2  | Found Itattuk's Gadget Boutique.
 35626 | Snake:2  | Found Kerrudi's Gadget Boutique.
 35635 | Snake:2  | Bought the ring "Hurak" {*Drain rPois rC+ Dex+5} for 466 gold pieces
 35772 | Snake:2  | Noticed Louise
 35782 | Snake:2  | Killed Louise
 35921 | Snake:2  | You fall through a shaft!
 36581 | Snake:3  | Got a faintly glowing pewter ring
 36681 | Snake:3  | Identified the ring "Otiy" {MP+9 Str+3 Stlth+} (You found it on level 3 of the Snake Pit)
 36701 | Snake:3  | Reached XP level 19. HP: 153/154 MP: 32/32
 36873 | Snake:4  | Entered Level 4 of the Snake Pit
 37198 | Snake:4  | Noticed Vashnia
 37206 | Snake:4  | Reached skill level 10 in Spellcasting
 37213 | Snake:4  | Killed Vashnia
 37839 | Snake:4  | Got a serpentine rune of Zot
 37997 | Snake:4  | Reached skill level 15 in Fighting
 38477 | Vaults:1 | Entered Level 1 of the Vaults
 38864 | Vaults:1 | Reached XP level 20. HP: 127/163 MP: 34/34
 39135 | Vaults:1 | Found Lestrime's Book Shop.
 39138 | Vaults:1 | Reached skill level 10 in Translocations
 39155 | Vaults:1 | Bought a book of Enchantments for 650 gold pieces
 39162 | Vaults:1 | Learned a level 6 spell: Deflect Missiles
 39248 | Vaults:1 | Noticed Asterion
 39254 | Vaults:1 | Killed Asterion
 39774 | Elf:1    | Entered Level 1 of the Elven Halls
 39848 | Elf:1    | Found a flickering gateway to a bazaar.
 39861 | Bazaar   | Entered a bazaar
 39861 | Bazaar   | Found Iruifiamo's Armour Shop.
 39868 | Bazaar   | Found Obushrepu's Gadget Boutique.
 39874 | Bazaar   | Found Aguc's Weapon Shoppe.
 39923 | Bazaar   | Found Lieb's Gadget Emporium.
 40189 | Elf:1    | Found Higraef's General Store.
 40225 | Elf:1    | Found Borar's Antique Armour Shop.
 40803 | Elf:2    | Found Yskal's Food Shop.
 41057 | Elf:2    | Found a huge runed gate.
 41057 | Elf:2    | Found a huge runed gate.
 41057 | Elf:2    | Found a huge runed gate.
 41057 | Elf:2    | Found a huge runed gate.
 41057 | Elf:2    | Found a huge runed gate.
 41425 | Elf:2    | Reached skill level 15 in Shields
 41551 | Elf:2    | Reached skill level 10 in Earth Magic
 41677 | Elf:3    | Entered Level 3 of the Elven Halls
 41855 | Elf:3    | Reached skill level 1 in Charms
 41941 | Elf:3    | Noticed Bai Suzhen
 41943 | Elf:3    | Reached skill level 1 in Air Magic
 41943 | Elf:3    | Reached XP level 21. HP: 172/172 MP: 36/36
 41951 | Elf:3    | Killed Bai Suzhen
 44199 | Vaults:2 | Reached skill level 5 in Air Magic
 44392 | Vaults:2 | Reached skill level 5 in Charms
 44556 | Vaults:2 | Reached XP level 22. HP: 181/181 MP: 38/38
 44594 | Vaults:2 | Found a radiant altar of Vehumet.
 44662 | Vaults:2 | Got a transparent hat
 44663 | Vaults:2 | Identified the +0 hat of Reason {Str+2 Int+4} (You found it on level 2 of the Vaults)
 44907 | Vaults:3 | Identified a scroll of acquirement
 45366 | Vaults:3 | Found a portal to a secret trove of treasure.
 45602 | Vaults:3 | Found a staircase to the Crypt.
 45936 | Vaults:4 | Found Zeygel's Jewellery Boutique.
 46231 | Vaults:4 | Reached XP level 23. HP: 189/189 MP: 40/40
 46634 | Vaults:5 | Entered Level 5 of the Vaults
 47104 | Vaults:5 | Noticed framaz's ghost (veteran GrEE)
 47118 | Vaults:5 | Killed framaz's ghost
 47219 | Vaults:5 | Got a glittering bone ring
 47221 | Vaults:5 | Identified the ring "Muckujoh" {*Tele Dex+3} (You found it on level 5 of the Vaults)
 47874 | Vaults:5 | Noticed Margery
 47886 | Vaults:5 | Killed Margery
 47886 | Vaults:5 | Reached XP level 24. HP: 125/200 MP: 41/41
 47891 | Vaults:5 | Identified the Papyrus of Ashen Beguiling
 48325 | Vaults:5 | Got a silver rune of Zot
 48719 | Vaults:5 | Learned a level 8 spell: Lehudib's Crystal Spear
 48803 | Crypt:1  | Entered Level 1 of the Crypt
 49036 | Crypt:1  | Noticed Jorgrun
 49047 | Crypt:1  | Killed Jorgrun
 49865 | Crypt:2  | Reached skill level 10 in Dodging
 50013 | Crypt:2  | Reached skill level 15 in Translocations
 50420 | Crypt:2  | Found an ancient bone altar of Kikubaaqudgha.
 50546 | Crypt:3  | Entered Level 3 of the Crypt
 50738 | Crypt:3  | Reached XP level 25. HP: 209/209 MP: 41/41
 51148 | Crypt:3  | Reached skill level 15 in Spellcasting
 51233 | Crypt:3  | Noticed an ancient lich
 51234 | Crypt:3  | Found an ancient bone altar of Kikubaaqudgha.
 51240 | Crypt:3  | Killed an ancient lich
 51245 | Crypt:3  | Found a staircase to the Tomb.
 51499 | Crypt:3  | Got a heavily runed copper ring
 51909 | Orc:2    | Bought a potion of heal wounds for 65 gold pieces
 51909 | Orc:2    | Bought a potion of brilliance for 52 gold pieces
 51909 | Orc:2    | Bought a potion of curing for 39 gold pieces
 51909 | Orc:2    | Bought 2 potions of magic for 208 gold pieces
 51909 | Orc:2    | Bought a potion of heal wounds for 65 gold pieces
 51909 | Orc:2    | Bought a potion of heal wounds for 65 gold pieces
 51992 | Elf:1    | Bought a potion of brilliance for 68 gold pieces
 51992 | Elf:1    | Bought a scroll of recharging for 161 gold pieces
 51992 | Elf:1    | Bought a potion of resistance for 170 gold pieces
 52019 | Elf:1    | Identified the ring "Cyos" {Fire Str+3} (You took it off a necromancer on level 3 of the Crypt)
 52186 | D:8      | Bought a potion of curing for 90 gold pieces
 52383 | Elf:1    | Bought a runed hat for 280 gold pieces
 52690 | Snake:2  | Bought a phantom mirror for 540 gold pieces
 52690 | Snake:2  | Bought a phantom mirror for 540 gold pieces
 52953 | D:14     | Found a white marble altar of Elyvilon.
 53141 | D:14     | Found a blossoming altar of Fedhas.
 53637 | Vaults:3 | You paid a toll of 19 scrolls of identify to enter a treasure trove
 53638 | Trove    | Entered a treasure trove
 53651 | Trove    | Identified Sif Muna's Papyrus of Displacement
 53654 | Trove    | Identified the Incunabulum of Assistive Ice
 53675 | Trove    | Identified the Incunabulum of the Entourage
 53696 | Trove    | Identified the Catalogue of Freezing Self-Improvement
 53699 | Trove    | Identified the Tome of Agnosticism
 53705 | Trove    | Identified Sif Muna's Compendium of Ashen Unholy Rites
 53740 | Vaults:3 | Learned a level 1 spell: Summon Butterflies
 53745 | Vaults:3 | Learned a level 3 spell: Regeneration
 53749 | Vaults:3 | Learned a level 3 spell: Lesser Beckoning
 53949 | D:15     | Entered Level 15 of the Dungeon
 54125 | D:15     | Found a glowing golden altar of the Shining One.
 54165 | D:15     | Found a staircase to the Depths.
 55065 | Slime:1  | Entered Level 1 of the Pits of Slime
 55074 | Slime:1  | Reached skill level 15 in Earth Magic
 55080 | Slime:1  | Gained mutation: Your natural rate of healing is unusually fast. [a shining eye]
 55275 | Slime:5  | Entered Level 5 of the Pits of Slime
 55334 | Slime:5  | Reached XP level 26. HP: 218/218 MP: 42/42
 55395 | Slime:5  | Noticed the Royal Jelly
 55409 | Slime:5  | Gained mutation: You are weak. (Str -2) [a shining eye]
 55415 | Slime:5  | Killed the Royal Jelly
 55522 | Slime:5  | Got a slimy rune of Zot
 55885 | Snake:2  | Bought a +5 ring of evasion for 660 gold pieces
 56132 | Depths:1 | Entered Level 1 of the Depths
 56134 | Depths:1 | Found a one-way gate to the infinite horrors of the Abyss.
 56318 | Depths:1 | Found a gateway to a ziggurat.
 56472 | Depths:1 | Identified the Disquisition on Ice
 56611 | Depths:1 | Found a gateway to Hell.
 57219 | Depths:2 | Noticed Saint Roka
 57240 | Depths:2 | Killed Saint Roka
 57470 | Depths:2 | Reached XP level 27. HP: 227/227 MP: 43/43
 58202 | Depths:3 | Found a one-way gate leading to the halls of Pandemonium.
 59108 | Depths:3 | Identified the Volume of Venom and Stones
 59291 | Depths:4 | Noticed Boris
 59297 | Depths:4 | Killed Boris
 59755 | Depths:4 | Found a runed door.
 59763 | Depths:4 | Found a runed door.
 59767 | Depths:4 | Noticed a juggernaut
 59773 | Depths:4 | Killed a juggernaut
 60185 | Depths:5 | Entered Level 5 of the Depths
 60482 | Depths:5 | Reached skill level 10 in Invocations
 60555 | Depths:5 | Found a runed door.
 60555 | Depths:5 | Found a runed door.
 60579 | Depths:5 | Reached skill level 15 in Dodging
 60693 | Depths:5 | Found a runed door.
 60693 | Depths:5 | Found a runed door.
 60715 | Depths:5 | Found a runed door.
 60715 | Depths:5 | Found a gate to the Realm of Zot.
 60752 | Depths:5 | Found a runed door.
 61578 | Depths:5 | Voluntarily entered the Abyss.
 61729 | Abyss:2  | Found a corrupted altar of Lugonu.
 62031 | Abyss:3  | Paralysed by accursed screaming for 1 turns
 62041 | Abyss:3  | Paralysed by accursed screaming for 1 turns
 62057 | Abyss:3  | Gained mutation: You are very weak. (Str -4) [a neqoxec]
 62061 | Abyss:3  | Lost mutation: You are very weak. (Str -4) [potion of mutation]
 62061 | Abyss:3  | Lost mutation: You are weak. (Str -2) [potion of mutation]
 62061 | Abyss:3  | Gained mutation: You evolve. [potion of mutation]
 62061 | Abyss:3  | Lost mutation: You evolve. [potion of mutation]
 62061 | Abyss:3  | Gained mutation: You are partially covered in slimy green scales. (AC +2) [potion of mutation]
 62078 | Abyss:3  | Found a radiant altar of Vehumet.
 62164 | Abyss:3  | Found a shimmering altar of Xom.
 62392 | Abyss:3  | Noticed an ancient lich
 62491 | Abyss:3  | Killed an ancient lich
 62589 | Abyss:3  | Got an abyssal rune of Zot
 62931 | Depths:5 | Escaped the Abyss
 63473 | Tomb:1   | Entered Level 1 of the Tomb of the Ancients
 63866 | Tomb:1   | Noticed a greater mummy
 63878 | Tomb:1   | Killed a greater mummy
 64151 | Tomb:1   | Noticed a greater mummy
 64151 | Tomb:1   | Noticed a greater mummy
 64157 | Tomb:1   | Killed a greater mummy
 64159 | Tomb:1   | Killed a greater mummy
 64410 | Tomb:1   | Learned a level 5 spell: Lee's Rapid Deconstruction
 64746 | Tomb:1   | Noticed a greater mummy
 64752 | Tomb:1   | Noticed a greater mummy
 64753 | Tomb:1   | Killed a greater mummy
 64755 | Tomb:1   | Noticed a greater mummy
 64758 | Tomb:1   | Noticed a greater mummy
 64760 | Tomb:1   | Killed a greater mummy
 64761 | Tomb:1   | Noticed a greater mummy
 64770 | Tomb:1   | Noticed a greater mummy
 64771 | Tomb:1   | Killed a greater mummy
 64773 | Tomb:1   | Noticed a greater mummy
 64777 | Tomb:1   | Killed a greater mummy
 64778 | Tomb:1   | Noticed a greater mummy
 64779 | Tomb:1   | Noticed a greater mummy
 64780 | Tomb:1   | Noticed a greater mummy
 65063 | Tomb:1   | Noticed a greater mummy
 65065 | Tomb:1   | Killed a greater mummy
 65074 | Tomb:1   | Killed a greater mummy
 65078 | Tomb:1   | Killed a greater mummy
 65082 | Tomb:1   | Killed a greater mummy
 65088 | Tomb:1   | Killed a greater mummy
 65093 | Tomb:1   | Killed a greater mummy
 65256 | Tomb:1   | Noticed a greater mummy
 65259 | Tomb:1   | Noticed a greater mummy
 65261 | Tomb:1   | Killed a greater mummy
 65262 | Tomb:1   | Noticed a greater mummy
 65265 | Tomb:1   | Killed a greater mummy
 65269 | Tomb:1   | Killed a greater mummy
 65275 | Tomb:1   | Noticed a greater mummy
 65281 | Tomb:1   | Killed a greater mummy
 65458 | Tomb:1   | Noticed a greater mummy
 65461 | Tomb:1   | Noticed a greater mummy
 65462 | Tomb:1   | Noticed a greater mummy
 65462 | Tomb:1   | Noticed a greater mummy
 65463 | Tomb:1   | Killed a greater mummy
 65472 | Tomb:1   | Killed a greater mummy
 65478 | Tomb:1   | Killed a greater mummy
 65506 | Tomb:1   | Killed a greater mummy
 65758 | Tomb:1   | Killed a greater mummy
 65913 | Tomb:3   | Entered Level 3 of the Tomb of the Ancients
 65936 | Tomb:3   | Noticed a greater mummy
 66068 | Tomb:3   | Noticed a greater mummy
 66104 | Tomb:2   | Killed a greater mummy
 66104 | Tomb:2   | Reached skill level 15 in Invocations
 66159 | Tomb:2   | Killed a greater mummy
 66194 | Tomb:3   | Noticed a greater mummy
 66214 | Tomb:2   | Killed a greater mummy
 66376 | Tomb:3   | Noticed a greater mummy
 66377 | Tomb:3   | Noticed a greater mummy
 66440 | Tomb:3   | Noticed an ancient lich
 66496 | Tomb:2   | Killed a greater mummy
 66623 | Tomb:3   | Killed an ancient lich
 66683 | Tomb:3   | Killed a greater mummy
 66780 | Tomb:3   | Identified the Volume of Fiery Moulding
 66784 | Tomb:3   | Got a vibrating brass amulet
 66785 | Tomb:3   | Identified the amulet "Cimn" {Harm *Drain rF+ Str+3} (You found it on level 3 of the Tomb of the Ancients)
 66791 | Tomb:3   | Got a transparent jade ring
 66792 | Tomb:3   | Identified the ring "Qeduem" {+Fly Str+6 Int+2} (You found it on level 3 of the Tomb of the Ancients)
 66799 | Tomb:3   | Identified the Collected Works on the Sinister Entourage
 67049 | Tomb:3   | Noticed a greater mummy
 67056 | Tomb:3   | Killed a greater mummy
 67120 | Tomb:3   | Noticed a greater mummy
 67127 | Tomb:3   | Killed a greater mummy
 67279 | Tomb:3   | Noticed a greater mummy
 67286 | Tomb:3   | Killed a greater mummy
 67361 | Tomb:3   | Got a golden rune of Zot
 67473 | Tomb:2   | Noticed a greater mummy
 67475 | Tomb:2   | Noticed a greater mummy
 67479 | Tomb:2   | Killed a greater mummy
 67485 | Tomb:2   | Killed a greater mummy
 67495 | Tomb:2   | Noticed a greater mummy
 67500 | Tomb:2   | Killed a greater mummy
 67678 | Tomb:2   | Noticed a greater mummy
 67734 | Tomb:2   | Killed a greater mummy
 68520 | Pan      | Entered Pandemonium
 68618 | Pan      | Noticed Niloc the pandemonium lord
 68642 | Pan      | Killed Niloc the pandemonium lord
 68871 | Pan      | Found an exit through the horrors of the Abyss.
 69368 | Pan      | Found an exit through the horrors of the Abyss.
 69676 | Pan      | Noticed Wirgha the pandemonium lord
 69688 | Pan      | Killed Wirgha the pandemonium lord
 69816 | Pan      | Found an exit through the horrors of the Abyss.
 69856 | Pan      | Noticed Mennas
 69862 | Pan      | Killed Mennas
 70007 | Pan      | Lost mutation: You are robust. (+10% HP) [a cacodemon]
 70414 | Pan      | Found an exit through the horrors of the Abyss.
 70534 | Pan      | Found an exit through the horrors of the Abyss.
 70614 | Pan      | Noticed Ziohebum the pandemonium lord
 70617 | Pan      | Killed Ziohebum the pandemonium lord
 70668 | Pan      | Found an exit through the horrors of the Abyss.
 70734 | Pan      | Noticed Haliamp the pandemonium lord
 70742 | Pan      | Killed Haliamp the pandemonium lord
 70887 | Pan      | Found an exit through the horrors of the Abyss.
 71272 | Pan      | Found an exit through the horrors of the Abyss.
 71369 | Pan      | Lost mutation: Your natural rate of healing is unusually fast. [a cacodemon]
 71389 | Pan      | Found a runed door.
 71735 | Pan      | Gained mutation: You tend to lose your temper in combat. [a neqoxec]
 71735 | Pan      | Gained mutation: Your muscles are strong. (Str +2) [a neqoxec]
 71736 | Pan      | Gained mutation: You occasionally shout uncontrollably at your foes. [a neqoxec]
 71742 | Pan      | Lost mutation: You occasionally shout uncontrollably at your foes. [potion of mutation]
 71742 | Pan      | Lost mutation: Your muscles are strong. (Str +2) [potion of mutation]
 71742 | Pan      | Gained mutation: You have a pair of small antennae on your head. [potion of mutation]
 71742 | Pan      | Lost mutation: You are clumsy. (Dex -2) [potion of mutation]
 71742 | Pan      | Gained mutation: Your flesh is heat resistant. (rF+) [potion of mutation]
 71862 | Pan      | Found an exit through the horrors of the Abyss.
 71908 | Pan      | Lost mutation: You tend to lose your temper in combat. [potion of mutation]
 71908 | Pan      | Lost mutation: You are partially covered in slimy green scales. (AC +2) [potion of mutation]
 71908 | Pan      | Gained mutation: One of your tentacles bears a spike. [potion of mutation]
 71908 | Pan      | Gained mutation: You are partially covered in yellow scales. (AC +2) [potion of mutation]
 72028 | Pan      | Noticed Ihoxtath the pandemonium lord
 72036 | Pan      | Cast into level 4 of the Abyss (Ihoxtath)
 72110 | Abyss:5  | Entered Level 5 of the Abyss
 72149 | Pan      | Escaped the Abyss
 72160 | Pan      | Killed Ihoxtath the pandemonium lord
 72329 | Pan      | Noticed Rykkin the pandemonium lord
 72343 | Pan      | Killed Rykkin the pandemonium lord
 72577 | Pan      | Found an exit through the horrors of the Abyss.
 72883 | Pan      | Gained mutation: You are frail. (-10% HP) [a neqoxec]
 72886 | Pan      | Lost mutation: You are frail. (-10% HP) [potion of mutation]
 72886 | Pan      | Lost mutation: Your flesh is heat resistant. (rF+) [potion of mutation]
 72886 | Pan      | Gained mutation: You have a pair of antennae on your head. [potion of mutation]
 72886 | Pan      | Gained mutation: Your spells are a little easier to cast, but a little less powerful. [potion of mutation]
 72886 | Pan      | Gained mutation: You are partially covered in large bone plates. (SH +4) [potion of mutation]
 72887 | Pan      | Lost mutation: One of your tentacles bears a spike. [potion of mutation]
 72887 | Pan      | Lost mutation: You have a pair of antennae on your head. [potion of mutation]
 72887 | Pan      | Lost mutation: Your spells are a little easier to cast, but a little less powerful. [potion of mutation]
 72887 | Pan      | Gained mutation: You are clumsy. (Dex -2) [potion of mutation]
 72887 | Pan      | Gained mutation: You possess an exceptional clarity of mind. [potion of mutation]
 73000 | Pan      | Gained mutation: Your magical capacity is very low. (-20% MP) [a cacodemon]
 73022 | Pan      | Gained mutation: You are robust. (+10% HP) [a cacodemon]
 73069 | Pan      | Noticed Haddor the pandemonium lord
 73072 | Pan      | Killed Haddor the pandemonium lord
 73130 | Pan      | Found an exit through the horrors of the Abyss.
 73146 | Pan      | Gained mutation: Your body sometimes deteriorates upon taking damage. [a neqoxec]
 73150 | Pan      | Gained mutation: Scrolls take you a little longer to read. [a neqoxec]
 73152 | Pan      | Lost mutation: Your magical capacity is low. (-10% MP) [potion of mutation]
 73152 | Pan      | Lost mutation: You possess an exceptional clarity of mind. [potion of mutation]
 73152 | Pan      | Lost mutation: Your body sometimes deteriorates upon taking damage. [potion of mutation]
 73152 | Pan      | Lost mutation: You are robust. (+10% HP) [potion of mutation]
 73152 | Pan      | Lost mutation: Scrolls take you a little longer to read. [potion of mutation]
 73152 | Pan      | Gained mutation: You possess an exceptional clarity of mind. [potion of mutation]
 73152 | Pan      | Lost mutation: You are clumsy. (Dex -2) [potion of mutation]
 73152 | Pan      | Gained mutation: You evolve. [potion of mutation]
 73152 | Pan      | Gained mutation: Your spells are a little harder to cast, but a little more powerful. [potion of mutation]
 73163 | Pan      | Noticed Pupeaxi the pandemonium lord
 73178 | Pan      | Killed Pupeaxi the pandemonium lord
 73219 | Pan      | Took an exit into the Abyss.
 73219 | Abyss:1  | Escaped into the Abyss
 73260 | Depths:3 | Escaped the Abyss
 73271 | Pan      | Entered Pandemonium
 73634 | Pan      | Found an exit through the horrors of the Abyss.
 74011 | Pan      | Lost mutation: You are partially covered in large bone plates. (SH +4) [evolution]
 74107 | Pan      | Noticed Agann the pandemonium lord
 74112 | Pan      | Killed Agann the pandemonium lord
 74144 | Pan      | Got a demonic rune of Zot
 74222 | Pan      | Found an exit through the horrors of the Abyss.
 74306 | Pan      | Found an exit through the horrors of the Abyss.
 74331 | Pan      | Noticed Cibatog the pandemonium lord
 74338 | Pan      | Killed Cibatog the pandemonium lord
 74838 | Pan      | Entered the realm of Lom Lobon.
 75142 | Pan      | Found an exit through the horrors of the Abyss.
 75414 | Pan      | Noticed Lom Lobon
 75427 | Pan      | Killed Lom Lobon
 75450 | Pan      | Got a magical rune of Zot
 75643 | Pan      | Noticed Hiqecegu the pandemonium lord
 75653 | Pan      | Killed Hiqecegu the pandemonium lord
 75666 | Pan      | Lost mutation: You possess an exceptional clarity of mind. [a neqoxec]
 75711 | Pan      | HP: 3/289 [infernal blood saint/iceblast (34)]
 75923 | Pan      | Found an exit through the horrors of the Abyss.
 75971 | Pan      | Entered the realm of Cerebov.
 76073 | Pan      | Found an exit through the horrors of the Abyss.
 76562 | Pan      | Got a slimy graven amulet
 76564 | Pan      | Got a crude golden ring
 76598 | Pan      | Identified the amulet "Litigaf" {+Rage rElec Str+2} (You took it off a balrug in Pandemonium)
 76599 | Pan      | Identified the ring "Mygofu" {rC+ Int+6 Stlth-} (You took it off a balrug in Pandemonium)
 76705 | Pan      | Reached skill level 1 in Conjurations
 76769 | Pan      | Identified the Almanac of Flamy Weightlessness
 76789 | Pan      | Noticed Cerebov
 76801 | Pan      | Killed Cerebov
 76833 | Pan      | Got a brightly glowing hand crossbow
 76834 | Pan      | Identified the +8 hand crossbow of Futing {elec, +Inv} (You found it in Pandemonium)
 76876 | Pan      | Got a fiery rune of Zot
 76877 | Pan      | Identified the Tome of the Marlin
 77084 | Pan      | Noticed Famup the pandemonium lord
 77093 | Pan      | Killed Famup the pandemonium lord
 77510 | Pan      | Noticed Fowodaaf the pandemonium lord
 77541 | Pan      | Killed Fowodaaf the pandemonium lord
 77641 | Pan      | Found an exit through the horrors of the Abyss.
 77725 | Pan      | Found a runed door.
 77753 | Pan      | Found a runed door.
 77754 | Pan      | Noticed Gisimefy the pandemonium lord
 77760 | Pan      | Killed Gisimefy the pandemonium lord
 77760 | Pan      | Reached skill level 5 in Conjurations
 77761 | Pan      | Found a runed door.
 77761 | Pan      | Found a runed door.
 77860 | Pan      | Noticed Durif the pandemonium lord
 77861 | Pan      | Found an exit through the horrors of the Abyss.
 77869 | Pan      | Killed Durif the pandemonium lord
 77933 | Pan      | Took an exit into the Abyss.
 77933 | Abyss:1  | Escaped into the Abyss
 78022 | Abyss:2  | Got a flickering wooden ring
 78023 | Abyss:2  | Identified the ring of Sloth {SInv Stlth+} (You took it off a red draconian on level 2 of the Abyss)
 78193 | Depths:3 | Escaped the Abyss
 78206 | Pan      | Entered Pandemonium
 78448 | Pan      | Found an exit through the horrors of the Abyss.
 78608 | Pan      | Found a runed door.
 78650 | Pan      | Found a runed door.
 78651 | Pan      | Found a runed door.
 78654 | Pan      | Noticed Igryitt the pandemonium lord
 78661 | Pan      | Killed Igryitt the pandemonium lord
 78668 | Pan      | Found a runed door.
 78758 | Pan      | Noticed Ohuaheur the pandemonium lord
 78764 | Pan      | Killed Ohuaheur the pandemonium lord
 78766 | Pan      | Found an exit through the horrors of the Abyss.
 78892 | Pan      | Found an exit through the horrors of the Abyss.
 79029 | Pan      | Found an exit through the horrors of the Abyss.
 79172 | Pan      | Noticed Fanycze the pandemonium lord
 79181 | Pan      | Killed Fanycze the pandemonium lord
 79267 | Pan      | Found an exit through the horrors of the Abyss.
 79371 | Pan      | Lost mutation: Your spells are a little harder to cast, but a little more powerful. [evolution]
 79613 | Pan      | Noticed Zereesodah the pandemonium lord
 79614 | Pan      | Killed Zereesodah the pandemonium lord
 79722 | Pan      | Noticed Lianol the pandemonium lord
 79742 | Pan      | Killed Lianol the pandemonium lord
 79993 | Pan      | Noticed Castruddedd the pandemonium lord
 80004 | Pan      | Killed Castruddedd the pandemonium lord
 80161 | Pan      | Gained mutation: You are occasionally teleported next to monsters. [a neqoxec]
 80163 | Pan      | Noticed Fiedamef the pandemonium lord
 80168 | Pan      | Gained mutation: Scrolls take you a little longer to read. [a neqoxec]
 80172 | Pan      | Killed Fiedamef the pandemonium lord
 80177 | Pan      | Lost mutation: Scrolls take you a little longer to read. [potion of mutation]
 80177 | Pan      | Lost mutation: You are occasionally teleported next to monsters. [potion of mutation]
 80177 | Pan      | Lost mutation: You have a pair of small antennae on your head. [potion of mutation]
 80177 | Pan      | Lost mutation: You are partially covered in yellow scales. (AC +2) [potion of mutation]
 80177 | Pan      | Gained mutation: Your body sometimes deteriorates upon taking damage. [potion of mutation]
 80177 | Pan      | Gained mutation: You are dopey. (Int -2) [potion of mutation]
 80177 | Pan      | Gained mutation: You rapidly evolve. [potion of mutation]
 80178 | Pan      | Lost mutation: You are dopey. (Int -2) [potion of mutation]
 80178 | Pan      | Lost mutation: Your body sometimes deteriorates upon taking damage. [potion of mutation]
 80178 | Pan      | Lost mutation: You rapidly evolve. [potion of mutation]
 80178 | Pan      | Gained mutation: You passively map a small area around you. [potion of mutation]
 80178 | Pan      | Lost mutation: You evolve. [potion of mutation]
 80178 | Pan      | Gained mutation: Your mind is acute. (Int +2) [potion of mutation]
 80347 | Pan      | Noticed Cuime the pandemonium lord
 80357 | Pan      | Killed Cuime the pandemonium lord
 80421 | Pan      | Entered the realm of Mnoleg.
 80592 | Pan      | Gained mutation: You do not regenerate when monsters are visible. [a cacodemon]
 80595 | Pan      | Paralysed by a floating eye for 4 turns
 80653 | Pan      | Gained mutation: You are weak. (Str -2) [a neqoxec]
 80656 | Pan      | Gained mutation: Your flesh is cold resistant. (rC+) [a neqoxec]
 80657 | Pan      | Paralysed by a floating eye for 4 turns
 80658 | Pan      | Gained mutation: You are very weak. (Str -4) [a neqoxec]
 80664 | Pan      | Gained mutation: Scrolls take you a little longer to read. [a neqoxec]
 80670 | Pan      | Gained mutation: Your body sometimes deteriorates upon taking damage. [a neqoxec]
 80681 | Pan      | Lost mutation: You are very weak. (Str -4) [potion of mutation]
 80681 | Pan      | Lost mutation: Your body sometimes deteriorates upon taking damage. [potion of mutation]
 80681 | Pan      | Lost mutation: Scrolls take you a little longer to read. [potion of mutation]
 80681 | Pan      | Gained mutation: Scrolls take you a little longer to read. [potion of mutation]
 80681 | Pan      | Gained mutation: You can translocate small distances at will. [potion of mutation]
 80897 | Pan      | Found an exit through the horrors of the Abyss.
 80936 | Pan      | Gained mutation: You expend magic power (3 MP) to strengthen your wands. [a cacodemon]
 81084 | Pan      | Noticed Mnoleg
 81099 | Pan      | Paralysed by a floating eye for 2 turns
 81105 | Pan      | Killed Mnoleg
 81105 | Pan      | Gained mutation: You are frail. (-10% HP) [a neqoxec]
 81160 | Pan      | Got a glowing rune of Zot
 81218 | Pan      | Gained mutation: You tend to lose your temper in combat. [a cacodemon]
 81327 | Pan      | Reached skill level 10 in Conjurations
 81335 | Pan      | Took an exit into the Abyss.
 81335 | Abyss:1  | Escaped into the Abyss
 81359 | Abyss:1  | Gained mutation: You are clumsy. (Dex -2) [a neqoxec]
 81415 | Depths:3 | Escaped the Abyss
 81764 | Vaults:5 | Learned a level 9 spell: Fire Storm
 81774 | Vaults:5 | Learned a level 9 spell: Glaciate
 82086 | Zig:1    | Entered Level 1 of a ziggurat
 82100 | Zig:2    | Entered Level 2 of a ziggurat
 82128 | Zig:3    | Entered Level 3 of a ziggurat
 82148 | Zig:3    | Lost mutation: Scrolls take you a little longer to read. [potion of mutation]
 82148 | Zig:3    | Lost mutation: You are frail. (-10% HP) [potion of mutation]
 82148 | Zig:3    | Lost mutation: You are weak. (Str -2) [potion of mutation]
 82148 | Zig:3    | Lost mutation: You tend to lose your temper in combat. [potion of mutation]
 82148 | Zig:3    | Lost mutation: Your flesh is cold resistant. (rC+) [potion of mutation]
 82148 | Zig:3    | Lost mutation: You expend magic power (3 MP) to strengthen your wands. [potion of mutation]
 82148 | Zig:3    | Gained mutation: Your spells are a little easier to cast, but a little less powerful. [potion of mutation]
 82148 | Zig:3    | Lost mutation: You do not regenerate when monsters are visible. [potion of mutation]
 82157 | Zig:4    | Entered Level 4 of a ziggurat
 82182 | Zig:4    | Identified the Almanac of Ashen Transmutation
 82205 | Zig:5    | Entered Level 5 of a ziggurat
 82241 | Zig:5    | Identified the Collected Works on the Ensnaring Voyage
 82252 | Zig:6    | Entered Level 6 of a ziggurat
 82286 | Zig:6    | Identified the Grimoire of Flight and Combat Magic
 82295 | Zig:6    | Got a fine copper ring
 82296 | Zig:6    | Identified the ring of Wisdom {Ice rElec MP-9 Str+8 Slay-5} (You found it on level 6 of a ziggurat)
 82388 | Zig:7    | Entered Level 7 of a ziggurat
 82426 | Zig:7    | Got a coiled lead ring
 82427 | Zig:7    | Identified the ring of Nyalaoz {MR+ Str+8} (You found it on level 7 of a ziggurat)
 82436 | Zig:8    | Entered Level 8 of a ziggurat
 82507 | Zig:9    | Entered Level 9 of a ziggurat
 82590 | Zig:10   | Entered Level 10 of a ziggurat
 82637 | Zig:10   | Reached skill level 5 in Evocations
 82672 | Zig:11   | Entered Level 11 of a ziggurat
 82681 | Zig:11   | Reached skill level 27 in Fighting
 82731 | Zig:11   | Got a smoking brass ring
 82732 | Zig:11   | Identified the ring "Xotep" {rF+ rN+ Int+5 Dex+4 Stlth-} (You found it on level 11 of a ziggurat)
 82737 | Zig:11   | Got a heavily runed ruby amulet
 82738 | Zig:11   | Identified the amulet "Jetyimu" {Inacc +Inv rN+ MR+} (You found it on level 11 of a ziggurat)
 82759 | Zig:12   | Entered Level 12 of a ziggurat
 82915 | Zig:13   | Entered Level 13 of a ziggurat
 82962 | Zig:13   | Got a fine iron ring
 82963 | Zig:13   | Identified the ring of Itutakh {rElec rF+ AC+3 Slay+2} (You found it on level 13 of a ziggurat)
 83003 | Zig:13   | Lost mutation: Your mind is acute. (Int +2) [potion of mutation]
 83003 | Zig:13   | Lost mutation: Your spells are a little easier to cast, but a little less powerful. [potion of mutation]
 83003 | Zig:13   | Lost mutation: You are clumsy. (Dex -2) [potion of mutation]
 83003 | Zig:13   | Gained mutation: You are dopey. (Int -2) [potion of mutation]
 83003 | Zig:13   | Gained mutation: Your flesh is heat resistant. (rF+) [potion of mutation]
 83003 | Zig:13   | Gained mutation: Your flesh is very heat resistant. (rF++) [potion of mutation]
 83005 | Zig:14   | Entered Level 14 of a ziggurat
 83064 | Zig:14   | Got a vibrating tin ring
 83065 | Zig:14   | Identified the ring of Qeurchon {rN+ Stlth+} (You found it on level 14 of a ziggurat)
 83072 | Zig:14   | Identified Sif Muna's Compendium of Dusty Dark Secrets
 83251 | Zig:15   | Entered Level 15 of a ziggurat
 83277 | Zig:15   | Reached skill level 1 in Fire Magic
 83467 | Zig:16   | Entered Level 16 of a ziggurat
 83516 | Zig:16   | Identified the Papyrus of Transformation and Stones
 83575 | Zig:17   | Entered Level 17 of a ziggurat
 83666 | Zig:17   | Identified the +0 hat of the Crown {-Cast +Fly rF+} (You acquired it on level 17 of a ziggurat)
 83698 | Zig:18   | Entered Level 18 of a ziggurat
 83708 | Zig:18   | Noticed a greater mummy
 83710 | Zig:18   | Noticed a greater mummy
 83710 | Zig:18   | Noticed a greater mummy
 83711 | Zig:18   | Noticed a greater mummy
 83712 | Zig:18   | Killed a greater mummy
 83713 | Zig:18   | Killed a greater mummy
 83713 | Zig:18   | Killed a greater mummy
 83714 | Zig:18   | Noticed a greater mummy
 83714 | Zig:18   | Killed a greater mummy
 83716 | Zig:18   | Noticed a greater mummy
 83717 | Zig:18   | Killed a greater mummy
 83718 | Zig:18   | Noticed a greater mummy
 83718 | Zig:18   | Noticed a greater mummy
 83721 | Zig:18   | Killed a greater mummy
 83722 | Zig:18   | Killed a greater mummy
 83722 | Zig:18   | Killed a greater mummy
 83903 | Zig:18   | Got a vibrating turquoise ring
 83904 | Zig:18   | Identified the ring of Reegg {rElec EV+3 Str+6 Dex-5} (You found it on level 18 of a ziggurat)
 83970 | Zig:19   | Entered Level 19 of a ziggurat
 83980 | Zig:19   | Noticed a juggernaut
 83981 | Zig:19   | Noticed a juggernaut
 83983 | Zig:19   | Killed a juggernaut
 83986 | Zig:19   | Killed a juggernaut
 83987 | Zig:19   | Noticed a juggernaut
 83988 | Zig:19   | Noticed a juggernaut
 83991 | Zig:19   | Noticed a juggernaut
 83993 | Zig:19   | Noticed a juggernaut
 83993 | Zig:19   | Killed a juggernaut
 83998 | Zig:19   | Killed a juggernaut
 84004 | Zig:19   | Reached skill level 5 in Ice Magic
 84005 | Zig:19   | Killed a juggernaut
 84008 | Zig:19   | Killed a juggernaut
 84083 | Zig:19   | Identified the Catalogue of Attacks and Dislocation
 84131 | Zig:20   | Entered Level 20 of a ziggurat
 84154 | Zig:20   | Reached skill level 10 in Ice Magic
 84175 | Zig:20   | Paralysed by accursed screaming for 2 turns
 84182 | Zig:20   | Paralysed by accursed screaming for 2 turns
 84288 | Zig:20   | Reached skill level 27 in Unarmed Combat
 84386 | Zig:21   | Entered Level 21 of a ziggurat
 84428 | Zig:21   | Reached skill level 15 in Conjurations
 84526 | Zig:22   | Entered Level 22 of a ziggurat
 84619 | Zig:22   | Got a steaming iron ring
 84620 | Zig:22   | Identified the ring of Qashiul {rPois rN+ Str+7 Dex+4} (You found it on level 22 of a ziggurat)
 84636 | Zig:22   | Got a sparkling amber ring
 84637 | Zig:22   | Identified the ring of the Aged Songs {Ice MP+9} (You found it on level 22 of a ziggurat)
 84640 | Zig:22   | Got a vibrating copper ring
 84641 | Zig:22   | Identified the ring "Asiaw" {MP+9 Dex+3} (You found it on level 22 of a ziggurat)
 84721 | Zig:23   | Entered Level 23 of a ziggurat
 84763 | Zig:23   | Reached skill level 15 in Ice Magic
 84931 | Zig:24   | Entered Level 24 of a ziggurat
 85078 | Zig:24   | Identified the ring of Wonder {*Corrode rPois rN+ MP+9 Slay+5} (You acquired it on level 24 of a ziggurat)
 85089 | Zig:24   | Got a transparent lead ring
 85090 | Zig:24   | Identified the ring of the Cockatrice {rCorr *Drain rElec rF+ Stlth+} (You found it on level 24 of a ziggurat)
 85211 | Zig:25   | Entered Level 25 of a ziggurat
 85507 | Zig:25   | Identified the amulet "Jisaism" {Gourm MR- MP+9 Dex-4 Slay+4} (You found it on level 25 of a ziggurat)
 85518 | Zig:25   | Identified the ring "Kagix" {Fire *Corrode +Blink +Fly rPois} (You found it on level 25 of a ziggurat)
 85521 | Zig:25   | Identified the Volume of Creative Cold
 85609 | Zig:26   | Entered Level 26 of a ziggurat
 85793 | Zig:26   | Reached skill level 10 in Fire Magic
 85798 | Zig:26   | Identified the Incunabulum of Transmigration
 85806 | Zig:26   | Identified the Almanac of Enchantment and Shape Shifting
 85809 | Zig:26   | Identified the Collected Works on Freezing Transformation
 85823 | Zig:27   | Entered Level 27 of a ziggurat
 86090 | Zig:27   | Identified the cursed +0 hand crossbow of the Thirteen Yaks {venom, rElec rC++ SInv Stlth-} (You found it on level 27 of a ziggurat)
 86144 | Hell     | Entered the Vestibule of Hell
 86144 | Hell     | Noticed Geryon
 86167 | Hell     | Killed Geryon
 86269 | Hell     | Found a gateway to the Iron City of Dis.
 86330 | Hell     | Found a gateway to the ashen valley of Gehenna.
 86361 | Geh:1    | Entered Level 1 of Gehenna
 86945 | Geh:4    | Gained mutation: Your spells are a little easier to cast, but a little less powerful. [mutagenic glow]
 87078 | Geh:7    | Entered Level 7 of Gehenna
 87546 | Geh:7    | Noticed Asmodeus
 87556 | Geh:7    | Killed Asmodeus
 87661 | Geh:7    | Got an obsidian rune of Zot
 87804 | Hell     | Found a gateway to the decaying netherworld of Tartarus.
 87862 | Hell     | Found a gateway to the freezing wastes of Cocytus.
 87962 | Coc:1    | Entered Level 1 of Cocytus
 88485 | Coc:5    | Reached skill level 27 in Spellcasting
 88725 | Coc:6    | Lost mutation: You are dopey. (Int -2) [mutagenic glow]
 88731 | Coc:7    | Entered Level 7 of Cocytus
 89184 | Coc:7    | Gained mutation: Your spells are easier to cast, but less powerful. [mutagenic glow]
 89202 | Coc:7    | Gained mutation: You are weak. (Str -2) [mutagenic glow]
 89213 | Coc:7    | Gained mutation: You are clumsy. (Dex -2) [mutagenic glow]
 89488 | Coc:7    | Noticed the Serpent of Hell
 89497 | Coc:7    | Killed the Serpent of Hell
 89589 | Coc:7    | Noticed Antaeus
 89602 | Coc:7    | Killed Antaeus
 89631 | Coc:7    | Got an icy rune of Zot
 90169 | Depths:3 | Learned a level 9 spell: Tornado
 90306 | Dis:1    | Entered Level 1 of the Iron City of Dis
 90752 | Dis:7    | Entered Level 7 of the Iron City of Dis
 91057 | Dis:7    | Reached skill level 10 in Air Magic
 91672 | Dis:7    | Got a flickering marble ring
 91673 | Dis:7    | Identified the ring "Xeosudu" {+Blink Int+3} (You found it on level 7 of the Iron City of Dis)
 91788 | Dis:7    | Got a heavily runed granite ring
 91789 | Dis:7    | Identified the ring "Oleb" {rPois SInv} (You found it on level 7 of the Iron City of Dis)
 91873 | Dis:7    | Noticed Dispater
 91882 | Dis:7    | Killed Dispater
 91947 | Dis:7    | Got an iron rune of Zot
 92136 | Tar:1    | Entered Level 1 of Tartarus
 92357 | Tar:3    | Gained mutation: Scrolls take you a little longer to read. [mutagenic glow]
 92365 | Tar:3    | Lost mutation: Your spells are easier to cast, but less powerful. [potion of mutation]
 92365 | Tar:3    | Lost mutation: Scrolls take you a little longer to read. [potion of mutation]
 92365 | Tar:3    | Lost mutation: Your spells are a little easier to cast, but a little less powerful. [potion of mutation]
 92365 | Tar:3    | Lost mutation: You are weak. (Str -2) [potion of mutation]
 92365 | Tar:3    | Lost mutation: You are partially covered in rugged brown scales. (AC +1, +3% HP) [potion of mutation]
 92365 | Tar:3    | Gained mutation: You have supernaturally acute eyesight. (SInv) [potion of mutation]
 92365 | Tar:3    | Gained mutation: You are robust. (+10% HP) [potion of mutation]
 92365 | Tar:3    | Gained mutation: You are partially covered in iridescent scales. (AC +2) [potion of mutation]
 92375 | Tar:3    | Gained mutation: You expend magic power (3 MP) to strengthen your wands. [mutagenic glow]
 92388 | Tar:3    | Gained mutation: You tend to lose your temper in combat. [mutagenic glow]
 92468 | Tar:4    | Lost mutation: You passively map a small area around you. [potion of mutation]
 92468 | Tar:4    | Lost mutation: Your flesh is very heat resistant. (rF++) [potion of mutation]
 92468 | Tar:4    | Lost mutation: You are robust. (+10% HP) [potion of mutation]
 92468 | Tar:4    | Lost mutation: You are clumsy. (Dex -2) [potion of mutation]
 92468 | Tar:4    | Lost mutation: You tend to lose your temper in combat. [potion of mutation]
 92468 | Tar:4    | Lost mutation: You expend magic power (3 MP) to strengthen your wands. [potion of mutation]
 92468 | Tar:4    | Lost mutation: You are partially covered in iridescent scales. (AC +2) [potion of mutation]
 92468 | Tar:4    | Gained mutation: You possess an exceptional clarity of mind. [potion of mutation]
 92468 | Tar:4    | Gained mutation: Your skin blends seamlessly with your surroundings (Stealth++). [potion of mutation]
 92468 | Tar:4    | Gained mutation: You are partially covered in large bone plates. (SH +4) [potion of mutation]
 93234 | Tar:7    | Entered Level 7 of Tartarus
 93365 | Tar:7    | Reached skill level 15 in Fire Magic
 93670 | Tar:7    | Noticed Ereshkigal
 93678 | Tar:7    | Killed Ereshkigal
 93737 | Tar:7    | Reached skill level 15 in Air Magic
 94088 | Tar:7    | Got a bone rune of Zot
 94377 | Tar:7    | Gained mutation: You are clumsy. (Dex -2) [mutagenic glow]
 94616 | Pan      | Entered the realm of Gloorx Vloq.
 94616 | Pan      | Entered Pandemonium
 94658 | Pan      | Noticed Gloorx Vloq
 94662 | Pan      | Killed Gloorx Vloq
 94751 | Pan      | Got a dark rune of Zot
 94931 | Pan      | Found an exit through the horrors of the Abyss.
 95437 | Pan      | Took an exit into the Abyss.
 95437 | Abyss:1  | Escaped into the Abyss
 95485 | Depths:3 | Escaped the Abyss
 95499 | Zig:1    | Entered Level 1 of a ziggurat
 95527 | Zig:2    | Entered Level 2 of a ziggurat
 95559 | Zig:3    | Entered Level 3 of a ziggurat
 95586 | Zig:4    | Entered Level 4 of a ziggurat
 95630 | Zig:5    | Entered Level 5 of a ziggurat
 95669 | Zig:6    | Entered Level 6 of a ziggurat
 95677 | Zig:6    | Noticed Biffo the pandemonium lord
 95689 | Zig:6    | Killed Biffo the pandemonium lord
 95698 | Zig:6    | Got an ancient steel amulet
 95699 | Zig:6    | Identified the amulet of Fagoun {RegenMP Fragile +Inv rN+++ Int+3} (You found it on level 6 of a ziggurat)
 95755 | Zig:7    | Entered Level 7 of a ziggurat
 95804 | Zig:8    | Entered Level 8 of a ziggurat
 95853 | Zig:9    | Entered Level 9 of a ziggurat
 95885 | Zig:9    | Got a glittering amber ring
 95886 | Zig:9    | Identified the ring of Ili Xorgh {+Inv rN+ MR+ Int+3 SInv} (You found it on level 9 of a ziggurat)
 95904 | Zig:10   | Entered Level 10 of a ziggurat
 95944 | Zig:10   | Identified Uduhooz's Compendium of Creative Snow
 95947 | Zig:10   | Identified Layfih's Compendium of Boosting Hexes
 95950 | Zig:10   | Identified Sif Muna's Compendium of Stolen Souls and Dislocation
 95953 | Zig:10   | Identified the Grimoire of Dark Transformation
 95956 | Zig:10   | Identified Zustris's Compendium of Damaging Darkness
 95964 | Zig:11   | Entered Level 11 of a ziggurat
 96008 | Zig:11   | Identified the Grimoire of Enthralling Envenoming
 96021 | Zig:11   | Identified the ring of the Elephant {rN++ EV+3 Str-5 Int+5} (You acquired it on level 11 of a ziggurat)
 96111 | Zig:12   | Entered Level 12 of a ziggurat
 96216 | Zig:13   | Entered Level 13 of a ziggurat
 96340 | Zig:14   | Entered Level 14 of a ziggurat
 96394 | Zig:14   | Identified the Collected Works on Hexes
 96403 | Zig:14   | Identified the +3 triple sword of the Viper {slice, Int+3} (You found it on level 14 of a ziggurat)
 96411 | Zig:14   | Got a crude graven amulet
 96412 | Zig:14   | Identified the amulet "Koguoq Qecw" {rC+ Regen+} (You found it on level 14 of a ziggurat)
 96432 | Zig:15   | Entered Level 15 of a ziggurat
 96460 | Zig:15   | Identified Sif Muna's Disquisition on the Supportive Frostbite
 96536 | Zig:16   | Entered Level 16 of a ziggurat
 96543 | Zig:16   | Noticed an ancient lich
 96544 | Zig:16   | Noticed an ancient lich
 96544 | Zig:16   | Noticed an ancient lich
 96544 | Zig:16   | Noticed an ancient lich
 96547 | Zig:16   | Noticed an ancient lich
 96547 | Zig:16   | Noticed an ancient lich
 96549 | Zig:16   | Reached skill level 27 in Conjurations
 96550 | Zig:16   | Killed an ancient lich
 96550 | Zig:16   | Killed an ancient lich
 96550 | Zig:16   | Killed an ancient lich
 96551 | Zig:16   | Killed an ancient lich
 96551 | Zig:16   | Killed an ancient lich
 96551 | Zig:16   | Killed an ancient lich
 96578 | Zig:16   | Identified the Tome of Toxic Shape Shifting
 96581 | Zig:16   | Identified the Disquisition on Weightlessness
 96586 | Zig:16   | Got a clouded golden ring
 96587 | Zig:16   | Identified the ring "Tuliguiv" {EV+3 Str+3} (You found it on level 16 of a ziggurat)
 96589 | Zig:16   | Identified Sif Muna's Collected Works on the Compass
 96631 | Zig:17   | Entered Level 17 of a ziggurat
 96649 | Zig:17   | Noticed Lihe the pandemonium lord
 96658 | Zig:17   | Killed Lihe the pandemonium lord
 96727 | Zig:17   | Got a heavily runed bone ring
 96728 | Zig:17   | Identified the ring "Roiclar" {rElec AC+1 Str+9 Slay+3} (You found it on level 17 of a ziggurat)
 96737 | Zig:17   | Got a wavering silver ring
 96738 | Zig:17   | Identified the ring "Zoaheorch" {+Fly rN+ MP+9 Slay-6} (You found it on level 17 of a ziggurat)
 96744 | Zig:17   | Identified Zetesuo's Guide on Freezing Darkness
 96750 | Zig:17   | Identified the Collected Works on the Shifting Snowflakes
 96758 | Zig:17   | Got a clouded silver ring
 96759 | Zig:17   | Identified the ring of Tuangiogh {rElec rF+} (You found it on level 17 of a ziggurat)
 96874 | Zig:18   | Entered Level 18 of a ziggurat
 96878 | Zig:18   | Noticed a greater mummy
 96879 | Zig:18   | Noticed a greater mummy
 96880 | Zig:18   | Noticed a greater mummy
 96881 | Zig:18   | Noticed a greater mummy
 96881 | Zig:18   | Noticed a greater mummy
 96883 | Zig:18   | Killed a greater mummy
 96884 | Zig:18   | Noticed a greater mummy
 96884 | Zig:18   | Noticed a greater mummy
 96885 | Zig:18   | Killed a greater mummy
 96887 | Zig:18   | Killed a greater mummy
 96889 | Zig:18   | Noticed a greater mummy
 96889 | Zig:18   | Noticed a greater mummy
 96889 | Zig:18   | Killed a greater mummy
 96891 | Zig:18   | Killed a greater mummy
 96896 | Zig:18   | Killed a greater mummy
 96897 | Zig:18   | Killed a greater mummy
 96900 | Zig:18   | Noticed a greater mummy
 96900 | Zig:18   | Killed a greater mummy
 96900 | Zig:18   | Killed a greater mummy
 96901 | Zig:18   | Noticed a greater mummy
 96908 | Zig:18   | Killed a greater mummy
 96914 | Zig:18   | Killed a greater mummy
 96932 | Zig:18   | Identified the Disquisition on Lucky Envenoming
 96941 | Zig:18   | Got a clouded amber ring
 96942 | Zig:18   | Identified the ring "Deotto" {Str-4 Int+6 SInv Stlth+} (You found it on level 18 of a ziggurat)
 96945 | Zig:18   | Got a twitching lead amulet
 96946 | Zig:18   | Identified the amulet "Liurorui" {Faith *Slow rF+ Slay+2 Stlth+} (You found it on level 18 of a ziggurat)
 96950 | Zig:18   | Identified Wasikir's Collected Works on Quantum Aid
 97028 | Zig:19   | Entered Level 19 of a ziggurat
 97038 | Zig:19   | Noticed an ancient lich
 97039 | Zig:19   | Noticed an ancient lich
 97045 | Zig:19   | Killed an ancient lich
 97045 | Zig:19   | Killed an ancient lich
 97101 | Zig:19   | Got a pitted pewter ring
 97102 | Zig:19   | Identified the ring "Boinor" {*Drain Str+2 Int+4 SInv Stlth+} (You found it on level 19 of a ziggurat)
 97131 | Zig:20   | Entered Level 20 of a ziggurat
 97204 | Zig:20   | Identified the Papyrus of Sinister Secrets
 97252 | Zig:21   | Entered Level 21 of a ziggurat
 97337 | Zig:21   | Identified the Almanac of the Forgotten Beds
 97349 | Zig:21   | Identified the Tome of Doomed Attacks
 97420 | Zig:22   | Entered Level 22 of a ziggurat
 97429 | Zig:22   | Noticed a juggernaut
 97437 | Zig:22   | Killed a juggernaut
 97569 | Zig:23   | Entered Level 23 of a ziggurat
 97713 | Zig:24   | Entered Level 24 of a ziggurat
 97809 | Zig:24   | Got a coiled golden ring
 97811 | Zig:24   | Identified the ring of the First Queens {*Contam rPois MR++ Str+4 Stlth-} (You found it on level 24 of a ziggurat)
 97864 | Zig:25   | Entered Level 25 of a ziggurat
 97869 | Zig:25   | Noticed Nyeng the pandemonium lord
 97870 | Zig:25   | Noticed Ejanoxaf the pandemonium lord
 97870 | Zig:25   | Noticed Unodyim the pandemonium lord
 97871 | Zig:25   | Noticed Qire the pandemonium lord
 97872 | Zig:25   | Noticed Nez Daph the pandemonium lord
 97872 | Zig:25   | Noticed Magonur the pandemonium lord
 97873 | Zig:25   | Noticed Qaajawni the pandemonium lord
 97873 | Zig:25   | Noticed Loomoime the pandemonium lord
 97873 | Zig:25   | Noticed Rehajul the pandemonium lord
 97874 | Zig:25   | Noticed Syntoom the pandemonium lord
 97874 | Zig:25   | Noticed Aragop the pandemonium lord
 97875 | Zig:25   | Noticed Erhuxinn the pandemonium lord
 97875 | Zig:25   | Killed Ejanoxaf the pandemonium lord
 97877 | Zig:25   | Noticed Neics the pandemonium lord
 97877 | Zig:25   | Noticed Arufeuxt the pandemonium lord
 97877 | Zig:25   | Noticed Zynwy the pandemonium lord
 97881 | Zig:25   | Killed Unodyim the pandemonium lord
 97882 | Zig:25   | Killed Qire the pandemonium lord
 97883 | Zig:25   | Killed Magonur the pandemonium lord
 97884 | Zig:25   | Killed Nez Daph the pandemonium lord
 97885 | Zig:25   | Noticed Yles the pandemonium lord
 97885 | Zig:25   | Killed Rehajul the pandemonium lord
 97886 | Zig:25   | Noticed Birox the pandemonium lord
 97886 | Zig:25   | Killed Nyeng the pandemonium lord
 97886 | Zig:25   | Reached skill level 27 in Air Magic
 97887 | Zig:25   | Paralysed by a floating eye for 3 turns
 97894 | Zig:25   | Killed Syntoom the pandemonium lord
 97896 | Zig:25   | Noticed Diryots the pandemonium lord
 97898 | Zig:25   | Killed Qaajawni the pandemonium lord
 97900 | Zig:25   | Killed Neics the pandemonium lord
 97902 | Zig:25   | Killed Loomoime the pandemonium lord
 97903 | Zig:25   | Killed Zynwy the pandemonium lord
 97904 | Zig:25   | Killed Aragop the pandemonium lord
 97906 | Zig:25   | Killed Erhuxinn the pandemonium lord
 97909 | Zig:25   | Noticed Itwuelus the pandemonium lord
 97909 | Zig:25   | Noticed Uqyd the pandemonium lord
 97909 | Zig:25   | Noticed Bymiobas the pandemonium lord
 97911 | Zig:25   | Paralysed by you for 5 turns
 97914 | Zig:25   | Killed Itwuelus the pandemonium lord
 97914 | Zig:25   | Killed Uqyd the pandemonium lord
 97917 | Zig:25   | Killed Bymiobas the pandemonium lord
 97924 | Zig:25   | Killed Birox the pandemonium lord
 97927 | Zig:25   | Killed Arufeuxt the pandemonium lord
 97930 | Zig:25   | Killed Yles the pandemonium lord
 97931 | Zig:25   | Killed Diryots the pandemonium lord
 97980 | Zig:25   | Got a translucent diamond amulet
 97981 | Zig:25   | Identified the amulet "Fafuok" {Faith rPois} (You found it on level 25 of a ziggurat)
 97993 | Zig:25   | Identified the Almanac of Changing and Snow
 97996 | Zig:25   | Identified The Last Secrets of Witchcraft
 98057 | Zig:26   | Entered Level 26 of a ziggurat
 98077 | Zig:26   | Gained mutation: Your flesh is very heat resistant. (rF++) [a shining eye]
 98083 | Zig:26   | Reached skill level 27 in Fire Magic
 98136 | Zig:26   | Identified The Foundations of Casting
 98207 | Zig:27   | Entered Level 27 of a ziggurat
 98275 | Zig:27   | Got a clouded ivory ring
 98276 | Zig:27   | Identified the ring "Eptowk" {Fire Str+4} (You found it on level 27 of a ziggurat)
 98296 | Zig:27   | Identified the ring of Life {rElec rC+ SInv} (You found it on level 27 of a ziggurat)
 98300 | Zig:27   | Identified the ring "Segesh" {Int+5 Dex+3 SInv} (You acquired it on level 27 of a ziggurat)
 98316 | Zig:27   | Identified the amulet of Ecui {Faith rN+ MR- Int+4} (You found it on level 27 of a ziggurat)
 99306 | Zot:1    | Entered Level 1 of the Realm of Zot
 99415 | Zot:2    | Reached skill level 10 in Evocations
 99575 | Zot:5    | Entered Level 5 of the Realm of Zot
 99597 | Zot:5    | Annihilated by an Orb Guardian

Vault maps used:
D:1:      lightli_arrival_maybe_door_vault
D:2:      kennysheep_slug_shrine, chequers_temple_overflow_minitemple
D:5:      minmay_temple_entry_butterflies, first_bread, serial_shops,
          kennysheep_little_box, roderic_roman_lattice
D:6:      grunt_temple_overflow_holy_war, uniq_blork_the_orc
D:7:      grunt_livestock, uniq_menkaure, uniq_duvessa
D:8:      minmay_weird_star, zin_purify, lightli_ossuary_entry_decrepit_ruins
D:9:      uniq_joseph
D:10:     david_lair_shrubbed, david_orc_2
D:11:     minmay_misc_feat_pillars, billiards_dpeg, uniq_josephine,
          uniq_nergalle
D:12:     uniq_azrael
D:13:     grunt_vaults_entry_tiered, portal_ice_cave_entry_pillars_2,
          elyvilon_altar_5
D:14:     fedhas_altar_fruit_tree, basic_altar
D:15:     grunt_enter_depths_hoard, serial_glass, glass_columns_b,
          glass_columns_c, serial_park_square3, tso_altar
Lair:1:   st_stairs_3, beast_lair_carwin_3, grunt_megastairs_2, uniq_harold
Lair:2:   shoals_dummy_entry, minmay_snake_entry_six_corridors, serial_forest,
          infiniplex_forest_clump_cross, infiniplex_forest_corner_1,
          infiniplex_forest_lined_3, infiniplex_forest_straight_1,
          infiniplex_forest_zigzag_1, infiniplex_forest_clump_tiny,
          infiniplex_forest_zigzag_1, infiniplex_forest_lined_3_way,
          infiniplex_forest_straight_4, beast_lair_carwin_5
Lair:3:   basic_altar, uniq_gastronok
Lair:4:   lemuel_reptile_caves, grunt_megastairs_5, uniq_nessos
Lair:5:   patterned_corridor, lemuel_fruit_tree
Lair:6:   evilmike_catoblepas_cave, slime_altar_1
Shoals:1: uniq_roxanne
Shoals:2: ldierk_geyser, uniq_polyphemus
Shoals:3: cheibrodos_shoals_oceanic_diplomacy
Shoals:4: shoals_end_simple, shoal_ilsuiw, uniq_nikola
Snake:1:  serial_bayou_shore_b, uniq_donald, uniq_rupert
Snake:2:  minmay_shop_grove, serial_bayou_shore_b, uniq_louise
Snake:4:  johnstein_snake_rune_scales, basic_stair_grate_trap, uniq_vashnia
Slime:1:  cheibrodos_slime_lost_civilization_1
Slime:2:  uniq_dissolution
Orc:1:    nicolae_orc_lava_room
Orc:2:    st_orc_mages, rock_pile
Elf:1:    eino_elf_arrival_sip, serial_shops, bzr_entry_islet,
          nicolae_shop_crystal, nicolae_shop_temple_entry_statues_fountains,
          solitary_fountain
Elf:2:    serial_shops, shop, hangedman_elf_represent
Elf:3:    minmay_elf_hall_furrowed, serial_sigils_hangedman_scar,
          hangedman_decor_cross_pass, uniq_bai_suzhen
Vaults:1: v_rooms_3, v_misc_25, hangedman_vaults_restitches,
          vaults_room_hallway, nicolae_vaults_mini_display_case, serial_shops,
          shop, uniq_asterion
Vaults:2: nicolae_vaults_theta, grunt_tower_of_power, hangedman_vaults_impose,
          hangedman_vaults_snaps, v_misc_18, vaults_dpeg_diagonal,
          nicolae_vaults_yaktaur_gun_rack, dpeg_vaults_monster_row
Vaults:3: v_misc_2, minmay_crypt_entry_simple_round, v_pattern_2,
          hangedman_vaults_hat, st_smaller_cells, grunt_vaults_twisty, v_misc_4,
          v_misc_22, hangedman_vaults_slice, ontoclasm_vaults_fault, v_misc_13,
          nicolae_trove_entry_crossroad
Vaults:4: nicolae_vaults_disjoint_gnomons, hangedman_vaults_river_flow,
          vaults_room_large_hall, ontoclasm_vaults_eye, vaults_dpeg_spiral,
          vaults_room_ringed_pool, v_pattern_4, hangedman_vaults_slice,
          hangedman_vaults_variations, v_misc_22, nicolae_vaults_hallways_thing,
          v_misc_23, vaults_room_stairs_pillars,
          nicolae_vaults_little_squares_1, nicolae_vaults_angled_halls,
          serial_shops, shop
Vaults:5: uniq_margery
Crypt:1:  nicolae_crypt_small_crypt, st_stairs_10, minmay_misc_feat_cross,
          minivault_14, uniq_jorgrun
Crypt:2:  basic_altar
Crypt:3:  cryptofortress_bobbens
Depths:1: enter_ziggurat_f, grunt_mini_vestibule, abyss_entry,
          nrook_mini_vaults, grunt_ministairs_10,
          hangedman_research_thermodynamics
Depths:2: minmay_quarter_circles, hellmouth_1, minivault_11, spider_trap,
          uniq_saint_roka
Depths:3: minmay_skeleton_keep, serial_glass, glass_columns_a, glass_columns_b,
          glass_columns_c, glass_columns_c, glass_columns_a, glass_columns_a,
          glass_columns_a, glass_columns_b, glass_columns_a, glass_columns_a,
          hell_entry, rand_demon_pan_entry_9, evilmike_butchery
Depths:4: thingy_vault_2, grunt_hell_entry_dis_old, abyss_entry,
          infiniplex_staircase_squiggle, uniq_boris
Depths:5: evilmike_zot_entry_castle, abyss_entry, minivault_14,
          hangedman_tar_grid_catacomb
Dis:7:    iron_city_of_dis
Geh:1:    grunt_deathspiral_small
Geh:3:    lemuel_flamethrower_2
Geh:7:    geh_old
Coc:7:    coc_mu
Tar:2:    lemuel_nasty_fountain
Tar:4:    hangedman_restless_catacombs
Tar:7:    tar_grunt_cathedral
Zot:2:    grunt_megastairs_3
Zot:4:    nicolae_lava_and_water, st_small_dragon_hoard_2, st_stairs_1,
          grunt_megastairs_1
Abyss:1:  evilmike_abyss_exit_kraken, evilmike_abyss_exit_17,
          evilmike_abyss_exit_smiterflies
Abyss:3:  doesnt_abyss_rune_brain_food, evilmike_abyss_exit_13
Abyss:4:  evilmike_abyss_exit_13, minivault_1
Abyss:5:  evilmike_abyss_exit_glass
Pan:      evilmike_mini_pan_possible_glass, pan_surprise,
          nicolae_pan_gloorx_vloqian_1, rand_demon_4, pan_blood_fountain_small,
          evilmike_mini_pan_branches, pan_blood_fountain, grunt_pan_zigzag,
          pan_blood_fountain_2, lemuel_hellion_island,
          nicolae_pan_strange_glyphs, rand_demon_6, rand_demon_8,
          uniq_mennas_pan, evilmike_mini_pan_corner, pan_blood_fountain,
          evilmike_mini_pan_doors, nicolae_pan_sigil_uleosi,
          evilmike_mini_pan_doors, rand_demon_5, rand_demon_1,
          regret_index_pan_draining_boxed, nicolae_pan_gloorx_vloqian_4,
          grunt_pan_frozen_over, evilmike_mini_pan_diamond, rand_demon_9,
          rand_demon_5, evilmike_mini_pan_thingy, pan_blood_fountain_small,
          grunt_pan_spiral, evilmike_mini_pan_possible_glass, rand_demon_2,
          pan_blood_fountain_2, nicolae_pan_cerebovesque_2, grunt_pan_pentagram,
          pan_blood_fountain_small, evilmike_mini_pan_pillars_b,
          nicolae_pan_gloorx_vloqian_2, evilmike_mini_pan_doors_b,
          pan_blood_fountain_2, evilmike_mini_pan_other_thingy,
          evilmike_mini_pan_thingy, nicolae_pan_cerebovesque_2,
          evilmike_mini_pan_other_thingy, nicolae_pan_sigil_nadil,
          evilmike_mini_pan_pillars_b, pan_blood_fountain, rand_demon_7,
          nicolae_pan_sick_transit, nicolae_pan_double_arrow, lom_lobon_st,
          pan_disco_hall, pan_blood_fountain_2, grunt_pan_zigzag,
          pan_blood_fountain_small, evilmike_mini_pan_corridor,
          pan_blood_fountain_small, evilmike_mini_pan_diamond,
          pan_blood_fountain_small, pan_blood_fountain,
          cerebov_grunt_fire_and_steel, lemuel_hall_of_pain,
          evilmike_mini_pan_diamond, grunt_pan_spiral, pan_blood_fountain,
          nicolae_pan_mnolegish_2, nicolae_pan_sick_transit, rand_demon_7,
          nicolae_pan_mnolegish_5, evilmike_mini_pan_3x3, pan_blood_fountain,
          rand_demon_6, rand_demon_7, evilmike_mini_pan_doors, rand_demon_1,
          nicolae_pan_hourglass, evilmike_mini_pan_doors,
          nicolae_pan_lom_lobonic_1, grunt_pan_pentagram, nicolae_pan_diamonds,
          pan_blood_fountain, rand_demon_1, evilmike_mini_pan_V,
          nicolae_pan_door_chamber, evilmike_mnoleg_eyes,
          nicolae_pan_sick_transit, nicolae_pan_cerebovesque_3,
          gloorx_vloq_grunt, pan_blood_fountain_2, pan_blood_fountain_small
Zig:8:    ziggurat_pillar_centre_c
Zig:9:    ziggurat_pillar_centre_smoke
Zig:16:   ziggurat_pillar_centre_oklobs
Zig:23:   ziggurat_pillar_centre_dead_trees, ziggurat_pillar_centre_more_plants
Bazaar:   bazaar_kb_twisted_cavern
Trove:    trove_library
Ossuary:  ossuary_tomb_1
IceCv:    ice_cave_caverns_02

Skill      XL: |  1  2  3  4  5  6  7  8  9 10 11 12 13 14 15 16 17 18 19 20 21 22 23 24 25 26 27 |
---------------+----------------------------------------------------------------------------------+-----
Unarmed Combat | 3 4 5 6 7 8 10 11 12 13 14 15 16 17 27 | 27.0
Fighting       | 4 5 6 7 8 9 10 11 12 13 14 15 16 17 18 19 20 27 | 27.0
Dodging        | 5 6 7 8 9 10 12 13 23 | 23.8
Shields        | 5 6 7 8 9 10 11 12 13 14 15 25 | 25.8
Invocations    | 2 4 5 7 8 15 | 15.0
Transmutations | 2 5 6 8 9 10 11 12 | 12.0
Spellcasting   | 2 4 5 7 8 9 10 11 12 13 14 15 16 27 | 27.0
Translocations | 4 6 8 9 11 12 13 14 15 16 17 | 17.0
Earth Magic    | 2 5 7 8 10 11 12 13 14 15 16 25 | 25.0
Charms         | 1 5 7 8 |  8.0
Air Magic      | 1 5 7 8 27 | 27.0
Conjurations   | 27 | 27.0
Evocations     | 10 | 10.7
Fire Magic     | 27 | 27.0
Ice Magic      | 26 | 26.0

Action                   |  1- 3 |  4- 6 |  7- 9 | 10-12 | 13-15 | 16-18 | 19-21 | 22-24 | 25-27 || total
-------------------------+-------+-------+-------+-------+-------+-------+-------+-------+-------++-------
Melee: Unarmed           |    73 |   107 |   199 |   445 |   956 |   746 |   722 |   852 |  8609 || 12709
       Constrict         |    25 |    32 |    44 |   105 |   127 |   178 |   143 |   169 |  1257 ||  2080
       Tentacles         |    18 |    28 |    62 |   186 |   330 |   270 |   239 |   313 |  2465 ||  3911
       Punch             |       |     4 |    19 |    72 |   218 |   219 |   173 |   221 |  2062 ||  2988
       Kick              |       |       |       |       |       |       |       |       |    58 ||    58
       Staff             |       |       |       |       |       |       |       |       |     8 ||     8
 Cast: Ice Form          |       |       |       |       |     7 |       |       |       |       ||     7
       Blink             |       |       |       |       |     2 |     1 |       |       |       ||     3
       Apportation       |       |       |       |       |     3 |       |       |       |    25 ||    28
       Statue Form       |       |       |       |       |       |    20 |    48 |    54 |   532 ||   654
       Deflect Missiles  |       |       |       |       |       |       |     1 |     1 |    19 ||    21
       Lesser Beckoning  |       |       |       |       |       |       |       |       |   181 ||   181
       Regeneration      |       |       |       |       |       |       |       |       |   174 ||   174
       Shatter           |       |       |       |       |       |       |       |       |   141 ||   141
       Lee's Rapid Decon |       |       |       |       |       |       |       |       |    37 ||    37
       Tornado           |       |       |       |       |       |       |       |       |    27 ||    27
       Controlled Blink  |       |       |       |       |       |       |       |       |    13 ||    13
       Lehudib's Crystal |       |       |       |       |       |       |       |       |     4 ||     4
       Summon Butterflie |       |       |       |       |       |       |       |       |     2 ||     2
       Fire Storm        |       |       |       |       |       |       |       |       |     1 ||     1
Invok: Slouch            |       |       |       |       |     6 |     7 |     8 |     1 |     3 ||    25
 Abil: Evoke Flight      |       |       |       |       |       |       |       |     1 |     1 ||     2
Evoke: Wand              |       |       |       |     7 |    11 |       |       |       |     1 ||    19
       Figurine of a zig |       |       |       |       |       |       |       |       |     1 ||     1
  Use: Scroll            |       |    11 |     4 |     4 |    12 |     5 |     5 |     5 |    77 ||   123
       Potion            |       |     1 |       |     3 |     7 |     5 |     3 |     2 |    54 ||    75
 Stab: Sleeping          |     2 |     9 |     7 |    25 |    24 |    19 |    25 |     9 |    42 ||   162
       Distracted        |     1 |       |       |       |    13 |     8 |     5 |    10 |    58 ||    95
       Petrified         |       |       |       |       |       |     1 |       |       |     2 ||     3
       Invisible         |       |       |       |       |       |       |       |       |     8 ||     8
       Confused          |       |       |       |       |       |       |       |       |     2 ||     2
       Paralysed         |       |       |       |       |       |       |       |       |     1 ||     1
  Eat: Chunk             |       |     6 |     6 |    11 |    22 |    22 |    28 |    16 |    37 ||   148
       Royal jelly       |       |       |       |       |     1 |     2 |       |     1 |    23 ||    27
       Bread ration      |       |       |       |       |       |       |       |     1 |    10 ||    11
       Meat ration       |       |       |       |       |       |       |       |       |     2 ||     2
       Fruit             |       |       |       |       |       |       |       |       |    10 ||    10
Armor: Skin              |     4 |     2 |     9 |     6 |    42 |    87 |   149 |   173 |  1698 ||  2170
Dodge: Dodged            |    28 |    23 |    79 |   136 |   348 |   592 |   597 |   615 |  9809 || 12227
       Deflected         |       |       |       |       |       |       |     5 |    33 |   243 ||   281
Block: Shield            |    33 |    36 |    83 |   270 |   914 |  1054 |  1119 |  1082 |  5750 || 10341
       Other             |       |       |       |       |     9 |       |       |       |       ||     9
       Reflection        |       |       |       |       |    36 |   172 |   174 |    60 |   450 ||   892
       Large shield      |       |       |       |       |       |       |       |       | 11194 || 11194
